 Dungeon Crawl Stone Soup version 0.29.0-15-g675c0067aa (webtiles) character file.

Game seed: 3975170447664015136

1647324 qw the Conqueror (level 26, 266/266 HPs)
             Began as a Minotaur Berserker on Sept 12, 2022.
             Was an Elder of Trog.
             Escaped with the Orb
             ... and 3 runes on Sept 13, 2022!
             The game lasted 00:32:12 (71339 turns).

qw the Conqueror (Minotaur Berserker)              Turns: 71339, Time: 00:32:12

Health: 266/266    AC: 56    Str: 28    XL:     26   Next: 42%
Magic:  19/19      EV: 19    Int: 10    God:    Trog [****..]
Gold:   1257       SH: 29    Dex: 17    Spells: 25/25 levels left

rFire   + . .      SeeInvis .   f - +9 war axe (protect)
rCold   + . .      Faith    .   B - +0 tower shield
rNeg    . . .      Spirit   .   v - +11 gold dragon scales
rPois   +          Reflect  +   x - +2 hat {Int+3}
rElec   .          Harm     .   g - +2 cloak
rCorr   .          Rampage  .   d - +3 pair of gauntlets of War {Slay+5}
Will    +....                   C - +2 pair of boots {Fly}
Stlth   ..........              j - amulet of reflection
HPRegen 0.54/turn               r - +7 ring of slaying {mikee}
MPRegen 0.16/turn               n - +4 ring of evasion

@: flying
A: horns 2, retaliatory headbutt, iridescent scales 1, agile 1, clever 1, low MP
1, shaggy fur 1, MP-powered wands
0: Orb of Zot
}: 3/15 runes: barnacled, silver, gossamer
a: Renounce Religion, Berserk, Trog's Hand, Brothers in Arms


You escaped.
You worshipped Trog.
Trog was greatly pleased with you.
You visited 8 branches of the dungeon, and saw 44 of its levels.

You collected 8020 gold pieces.
You spent 6763 gold pieces at shops.


Innate Abilities, Weirdness & Mutations

You have a pair of horns on your head.
You reflexively headbutt those who attack you in melee.
You are partially covered in iridescent scales. (AC +2)
You are agile. (Dex +4, Str/Int -1)
Your mind is acute. (Int +4, Str/Dex -1)
Your magical capacity is low. (-10% MP)
You are covered in fur. (AC +1)
You expend magic power (3 MP) to strengthen your wands.


   Skills:
 O Level 27 Fighting
 - Level 25.0 Axes
 - Level 16.0 Throwing
 O Level 27 Armour
 - Level 18.0 Dodging
 + Level 24.0 Shields
 - Level 6.4 Evocations


You had 25 spell levels left.
You didn't know any spells.
Your spell library was empty.

Inventory:

Hand Weapons
 f - a +9 war axe of protection (weapon)
Missiles
 e - 27 boomerangs (quivered)
Armour
 d - the +3 pair of gauntlets of War (worn) {Slay+5}
   (You found it on level 15 of the Dungeon)

   Slay:      It affects your accuracy & damage with ranged weapons and melee
   (+5).
 g - a +2 cloak (worn)
 s - the +3 hat of Pondering {ponderous, Will+ MP+10 Int+5}
   (You took it off Gastronok on level 3 of the Lair of Beasts)

   Int:       It affects your intelligence (+5).
   MP:        It affects your magic capacity (+10).
   Will:      It increases your willpower.
 v - +11 gold dragon scales (worn)
 x - a +2 hat of intelligence (worn)
 B - a +0 tower shield (worn)
 C - a +2 pair of boots of flying (worn)
Jewellery
 j - an amulet of reflection (around neck)
 n - a +4 ring of evasion (right hand)
 r - a +7 ring of slaying (left hand) {mikee}
 y - a ring of fire
Wands
 i - a wand of digging (9)
Scrolls
 h - 27 scrolls of identify
 q - 4 scrolls of teleportation
 z - 7 scrolls of enchant weapon
Potions
 a - 3 potions of haste
 c - 12 potions of mutation
 m - 6 potions of might
 o - 24 potions of curing
 p - a potion of cancellation

Dungeon Overview and Level Annotations

Branches:
Dungeon (15/15)            Temple (0/1) D:5            Lair (5/5) D:8
 Shoals (4/4) Lair:3       Spider (4/4) Lair:2        Slime (0/5) Lair:5
    Orc (2/2) D:9             Elf (0/3) Orc:2        Vaults (5/5) D:14
  Crypt (0/3) Vaults:3     Depths (4/4) D:15            Zot (5/5) Depths:4

Altars:
Cheibriados
Elyvilon
Fedhas
Gozag
Hepliaklqana
Kikubaaqudgha
Makhleb
Nemelex Xobeh
Okawaru
Qazlal
Sif Muna
Uskayaw
Vehumet
Wu Jian
Xom
Zin
The Shining One

Shops:
D:1 *=:[!:   D:5 [   D:6 ((   D:9 [(   D:14 ===?   Orc:1 !   Orc:2 [?*=
Vaults:2 ?[!   Vaults:4 [   Depths:1 *[   Depths:4 *

Portals:
Hell: Depths:1 Depths:2 Depths:3 Depths:4
Abyss: Depths:1 Depths:3
Pandemonium: Depths:2 Depths:3
Ziggurat: Depths:4
Trove: Vaults:3 (give +4 fire dragon scales)

Annotations:
D:5 2 transporters, qw's ghost, weakling GrDe
D:9 3 runed translucent doors, qw's ghost, novice MiBe
Lair:4 1 runed translucent door, qw's ghost, journeyman MiBe
Shoals:1 1 runed translucent door
Shoals:2 1 runed translucent door
Vaults:1 36 runed doors
Vaults:2 3 runed translucent doors, Vatovie's ghost, veteran MiFi


Message History

The shadow demon gestures.
The jackal barks!
You block the bat's attack. You block the shadow demon's attack.
You slice the shadow demon!!
Your weapon exudes an aura of protection.
Your headbutt misses the shadow demon.
The shadow demon is heavily wounded.
You hit the jackal.
You kill the jackal!
The jackal's corpse dissolves into shadows!
The bat closely misses you.
You closely miss the shadow demon. You headbutt the shadow demon.
The shadow demon is heavily wounded.
You barely miss the bat. The bat completely misses you.
You block the shadow demon's attack. You block the bat's attack.
You barely miss the shadow demon.
The shadow demon is heavily wounded.
You slash the bat!
You kill the bat!
The bat's corpse dissolves into shadows!
You block the bat's attack. The shadow demon misses you.
You slice the shadow demon!! You headbutt the shadow demon.
You kill the shadow demon!
Trog accepts your kill.
The hobgoblin dissolves into shadows!
The bat dissolves into shadows!
The jackal dissolves into shadows!
An efreet comes into view.
It is wielding a +1 scimitar of flaming.
The efreet gestures at you.
The fireball explodes!
The fireball engulfs you but does no damage.
You block the efreet's attack.
You slice the efreet!!
Your weapon exudes an aura of protection.
You headbutt the efreet!
You kill the efreet!
Trog accepts your kill.
Your Axes skill increases to level 25!
There is a staircase leading out of the dungeon here.
You have escaped!

#.# #####.)...# #.# #.# ###
##...## #.# #.# #.##### ##.## #.#
#.# #.#8.8## #.# #####.## #.#
#......# #.# #......#
#.###......###'## #.###..#
#.##....8..##...## #.# #..#
#.##.......8#....## #.###..#
#.##.......@#.....###.##.#.#
######..........8#......##.#....#
.............8..##......'.......#
####.###........##......##.......
#.# #........##.....####.#.#.#
#.# #.#.#8.8###....## #.###.#
#.###...##### #...## #.##..#
#........# ##'## #.##.##
#####.#### #.# #.##.##


There were no monsters in sight!

Vanquished Creatures
  2 seraphim
  6 dread liches
  5 ancient liches
  4 orbs of fire (Zot:5)
  Mara (Vaults:4)
  Mennas (Vaults:4)
  Parghit (Zot:2)
  A pandemonium lord (Zot:4)
  Boris (thrice) (Vaults:4 Vaults:5 Depths:2)
  2 Killer Klowns (Zot:5)
  Margery (Vaults:5)
  A caustic shrike (Depths:3)
  4 curse toes
  7 golden dragons
  the Enchantress (Depths:4)
  A bone dragon (Depths:4)
  A Brimstone Fiend (D:14)
  2 profane servitors
  A Tzitzimitl (D:13)
  5 electric golems
  13 tentacled monstrosities
  Jorgrun (Spider:1)
  6 liches
  Asterion (Spider:3)
  7 quicksilver dragons
  A walking frostbound tome (Depths:3)
  An acid blob (Spider:3)
  27 Orb Guardians
  A sphinx (shapeshifter) (Vaults:5)
  8 titans
  12 death cobs
  4 krakens (Shoals:1)
  Gastronok (Lair:3)
  8 sphinxes
  Donald (Shoals:3)
  13 shadow dragons
  Kirke (Spider:3)
  15 storm dragons
  8 tengu reavers
  11 draconian monks
  5 fire giants
  7 draconian knights
  An orc warlord (Vaults:3)
  12 frost giants
  5 draconian scorchers
  13 vault wardens
  A caustic shrike zombie (Depths:2)
  An iron dragon (Vaults:5)
  4 emperor scorpions (Spider:4)
  2 balrugs
  5 draconian shifters
  2 deep elf sorcerers
  A cacodemon (Zot:4)
  A juggernaut zombie (Depths:1)
  Louise (Shoals:3)
  13 ghost moths
  A demonspawn corrupter (Zot:1)
  3 angels
  6 draconian stormcallers
  A demonspawn blood saint (Zot:1)
  25 ironbound preservers
  24 very ugly things
  8 broodmothers
  A draconian annihilator (Zot:5)
  4 war gargoyles
  A reaper (Depths:2)
  2 vampire knights (Depths:2)
  14 stone giants
  4 spriggan defenders
  7 green draconians
  5 ironbound thunderhulks
  2 deep elf demonologists
  11 purple draconians
  A black draconian (Depths:4)
  6 yellow draconians
  10 white draconians
  4 entropy weavers
  A lorocyproca (Depths:4)
  2 minotaurs (Shoals:4)
  13 red draconians
  21 dire elephants
  19 spark wasps
  3 crystal guardians
  A blizzard demon (Depths:3)
  6 merfolk impalers
  3 merfolk javelineers
  Josephine (Shoals:1)
  A quicksilver dragon zombie (Depths:2)
  2 deep elf death magi
  9 ettins
  10 fire dragons
  12 yaktaur captains
  41 vault guards
  3 deep elf high priests (Vaults:5)
  Erolcha (D:9)
  Harold (D:11)
  A spriggan zombie (Depths:1)
  3 great orbs of eyes
  2 rakshasas
  7 hydras
  12 ogre magi
  5 merfolk avatars
  5 spriggan air magi
  4 boulder beetles
  3 peacekeepers
  7 ice dragons
  A jorogumo (Spider:2)
  2 catoblepae
  4 radroaches
  21 centaur warriors
  An alligator (shapeshifter) (Depths:4)
  A juggernaut simulacrum (Depths:2)
  2 dancing weapons (Zot:2)
  21 two-headed ogres
  2 death knights
  8 ironbound frosthearts
  4 tengu warriors
  3 alligator snapping turtles
  4 merfolk aquamancers
  10 deep troll shamans
  A vampire mage (Depths:1)
  A satyr (shapeshifter) (Vaults:5)
  3 death yaks (Lair:5)
  16 satyrs
  8 spriggan berserkers
  4 deep troll earth magi
  9 spriggans
  A soul eater (Depths:2)
  6 sun demons
  20 hell knights
  A storm dragon zombie (Depths:2)
  2 sixfirhies (Depths:2)
  2 pharaoh ants
  A fire crab (shapeshifter) (D:15)
  5 iron trolls
  A spectral death yak (Lair:5)
  5 skeletal warriors
  3 cherubim (Depths:2)
  6 steelbarb worms
  3 sun moths
  13 sea snakes
  A steelbarb worm (shapeshifter) (Vaults:5)
  3 glowing orange brains
  3 flayed ghosts
  An obsidian statue (Lair:5)
  A spectral anaconda (Lair:5)
  5 bog bodies (Shoals:3)
  77 deep trolls
  A shadow demon (D:1)
  A deep elf archer (D:15)
  4 orb spiders
  20 ironbound convokers
  22 harpies
  A sphinx zombie (Depths:2)
  11 wizards
  8 orc knights
  7 phantasmal warriors
  A golden dragon skeleton (Depths:1)
  8 deep elf pyromancers
  11 necromancers
  4 orc sorcerers
  9 lindwurms
  24 wolf spiders
  14 cyclopes
  A frost giant zombie (Depths:2)
  2 oklob plants
  18 fauns
  36 ugly things
  A dire elephant zombie (Lair:5)
  A centaur zombie (D:12)
  29 elephants
  35 moths of wrath
  A frost giant skeleton (Depths:1)
  25 manticores
  6 black mambas
  A rust devil (Depths:3)
  A water nymph (shapeshifter) (Vaults:4)
  3 water nymphs
  14 merfolk sirens
  2 naga magi (Vaults:2)
  A gargoyle (D:10)
  8 torpor snails
  12 cane toads
  16 vault sentinels
  2 cane toads (shapeshifter) (D:15)
  An unseen horror (D:12)
  An unseen horror (shapeshifter) (D:15)
  2 rime drakes
  A kobold demonologist (D:14)
  3 efreet
  A yaktaur (shapeshifter) (Depths:3)
  Psyche (D:9)
  27 yaktaurs
  A spark wasp simulacrum (Depths:2)
  A rime drake (shapeshifter) (D:15)
  2 hellwings
  15 demonic crawlers
  A freezing wraith (Vaults:5)
  A red devil (D:3)
  11 komodo dragons
  3 tengu conjurers
  A shadow dragon simulacrum (Depths:2)
  6 trolls
  45 merfolk
  4 polar bears
  A troll (shapeshifter) (D:15)
  7 meliai
  6 wind drakes
  7 hornets
  Grinder (D:3)
  24 tarantellas
  A fire giant simulacrum (Depths:2)
  11 snapping turtles
  11 dream sheep
  A meliai zombie (D:12)
  A frost giant simulacrum (Depths:2)
  8 blink frogs
  37 slime creatures
  A snapping turtle (shapeshifter) (Depths:4)
  2 spectral elephants (Lair:5)
  31 jumping spiders
  27 culicivoras
  6 wyverns
  4 vampires
  A shadow (D:12)
  8 wraiths
  38 yaks
  17 water elementals
  A ynoxinul (Depths:2)
  6 basilisks
  A hog (Spider:3)
  A human (D:14)
  52 redbacks
  3 chaos spawn
  6 steam dragons
  A redback (shapeshifter) (Spider:2)
  2 death yak simulacra (Lair:5)
  11 vampire mosquitoes
  A warg (Vaults:5)
  A spectral cane toad (Lair:5)
  7 acid dragons
  Duvessa (D:6)
  11 water moccasins
  A water moccasin (shapeshifter) (D:15)
  A glowing shapeshifter zombie (Depths:2)
  10 orc warriors
  An acid dragon (shapeshifter) (Vaults:4)
  5 black bears
  An elephant zombie (Lair:5)
  12 wolves
  25 ogres
  5 sky beasts
  2 boggarts (D:15)
  15 centaurs
  3 phantoms
  11 bullfrogs
  3 kobold brigands
  2 necrophages
  A scorpion (D:8)
  2 cane toad simulacra (Lair:5)
  A gnoll sergeant (D:10)
  Dowan (D:6)
  2 elephant simulacra (Lair:5)
  5 killer bees (D:6)
  6 howler monkeys
  3 jellies
  6 hounds
  9 orc priests
  7 orc wizards
  6 iguanas
  2 human simulacra (D:14)
  4 gnolls (D:10)
  15 adders
  3 white imps
  3 ufetubi
  A worm (D:2)
  5 dart slugs
  44 orcs
  8 ball pythons
  3 bats
  8 endoplasms
  2 giant cockroaches
  13 goblins
  10 hobgoblins
  13 jackals
  13 kobolds
  10 quokkas
  7 frilled lizards
  3 rats
  12 tentacles (Shoals:1)
2059 creatures vanquished.

Vanquished Creatures (collateral kills)
  A Killer Klown (Zot:5)
  2 Orb Guardians (Zot:5)
  An ironbound thunderhulk (Vaults:2)
  A dire elephant (Vaults:3)
  An ettin (Vaults:3)
  A crystal guardian (Vaults:2)
  A merfolk javelineer (Shoals:1)
  A fire dragon (Depths:3)
  A merfolk impaler (Shoals:1)
  3 hydras
  A vault guard (Vaults:4)
  A peacekeeper (Vaults:2)
  A centaur warrior (Vaults:2)
  A merfolk aquamancer (Shoals:1)
  2 steelbarb worms (Spider:1)
  A deep troll (Vaults:3)
  3 orb spiders
  An ironbound convoker (Vaults:3)
  An orc knight (Vaults:5)
  A moth of wrath (Zot:3)
  A torpor snail (Spider:1)
  A black mamba (Lair:3)
  2 komodo dragons (Lair:5)
  A demonic crawler (Spider:1)
  2 merfolk
  3 tarantellas (Spider:2)
  2 polar bears (Lair:3)
38 creatures vanquished.

Vanquished Creatures (others)
  A shadow dragon (Zot:5)
  A red draconian (Zot:2)
  An ogre mage (D:15)
  3 humans (Spider:3)
  72 fungi
  134 plants
  8 tentacles (Shoals:1)
  29 withered plants
249 creatures vanquished.

Grand Total: 2346 creatures vanquished

Notes
Turn   | Place    | Note
-------+----------+-------------------------------------------
     0 | D:1      | qw the Minotaur Berserker began the quest for the Orb.
     0 | D:1      | Reached XP level 1. HP: 19/19 MP: 0/0
     0 | D:1      | 0 ||| qw: Version: 0.1-a-119-g272c26d
     0 | D:1      | 0 ||| qw: Game counter: 11057
     0 | D:1      | 0 ||| qw: Always use a shield: true
     0 | D:1      | 0 ||| qw: Do Orc after D:15 true
     0 | D:1      | 0 ||| qw: Do second Lair branch before Depths: true
     0 | D:1      | 0 ||| qw: Lair rune preference: random
     0 | D:1      | 0 ||| qw: Plans: Normal
     0 | D:1      | 0 ||| PLANNING D:1-11
   344 | D:1      | 344 ||| Stepping ~*~*~tactically~*~*~ (hiding).
   606 | D:1      | Found Kifidozo's Distillery.
   614 | D:1      | 614 ||| SHOPLISTING potion of cancellation (112 gold, have
                  | 8).
   614 | D:1      | 614 ||| SHOPLISTING potion of curing (42 gold, have 8).
   614 | D:1      | 614 ||| SHOPLISTING potion of haste (140 gold, have 8).
   614 | D:1      | 614 ||| SHOPLISTING potion of heal wounds (70 gold, have
                  | 8).
   630 | D:1      | 630 ||| Stepping ~*~*~tactically~*~*~ (stealth).
   636 | D:1      | Reached XP level 2. HP: 26/26 MP: 1/1
   643 | D:1      | Found Geygosku's Book Boutique.
   792 | D:1      | Found Okupturgh's Armour Shop.
   799 | D:1      | 799 ||| SHOPLISTING +0 chain mail (58 gold, have 8).
   799 | D:1      | 799 ||| SHOPLISTING +2 robe of fire resistance (230 gold,
                  | have 8).
   799 | D:1      | 799 ||| SHOPLISTING +3 ring mail of Vecadoz {*Slow rC++
                  | Str+4} (601 gold, have 8).
   799 | D:1      | 799 ||| SHOPLISTING +4 chain mail of willpower (409 gold,
                  | have 8).
   824 | D:1      | Found a faded altar of an unknown god.
   831 | D:1      | 831 ||| Stepping ~*~*~tactically~*~*~ (hiding).
   936 | D:1      | 936 ||| Stepping ~*~*~tactically~*~*~ (hiding).
  1038 | D:1      | 1038 ||| Stepping ~*~*~tactically~*~*~ (hiding).
  1140 | D:1      | 1140 ||| Stepping ~*~*~tactically~*~*~ (hiding).
  1242 | D:1      | 1242 ||| Stepping ~*~*~tactically~*~*~ (hiding).
  1495 | D:1      | 1495 ||| Stepping ~*~*~tactically~*~*~ (stealth).
  1503 | D:1      | Reached XP level 3. HP: 31/31 MP: 2/2
  1504 | D:1      | Found Muc Ciy's Assorted Antiques.
  1509 | D:1      | 1509 ||| SHOPLISTING amethyst potion (21 gold, have 8).
  1509 | D:1      | 1509 ||| SHOPLISTING purple potion (21 gold, have 8).
  1509 | D:1      | 1509 ||| SHOPLISTING scroll labelled CULUWK FYTUCS (24
                  | gold, have 8).
  1509 | D:1      | 1509 ||| SHOPLISTING smoky dark potion (21 gold, have 8).
  1515 | D:1      | Found Fuschu's One-of-a-Kind Rings.
  1520 | D:1      | 1520 ||| SHOPLISTING +2 ring of protection (130 gold, have
                  | 8).
  1520 | D:1      | 1520 ||| SHOPLISTING +7 ring of slaying (2243 gold, have
                  | 8).
  1520 | D:1      | 1520 ||| SHOPLISTING +8 ring of strength (715 gold, have
                  | 8).
  1520 | D:1      | 1520 ||| SHOPLISTING +9 ring of dexterity (1014 gold, have
                  | 8).
  1520 | D:1      | 1520 ||| SHOPLISTING ring "Wolon" {rF+ rC+ Dex+6} (741
                  | gold, have 8).
  1549 | D:1      | Found Boaguc's Book Shoppe.
  1745 | D:1      | Reached ** piety under Trog
  1774 | D:1      | 1774 ||| UPGRADING to +0 leather armour.
  1784 | D:1      | 1784 ||| DROPPING +0 animal skin.
  1785 | D:1      | 1785 ||| UPGRADING to +1 pair of gloves.
  1790 | D:1      | 1790 ||| READING scroll labelled SENEGUUT ZUFRI.
  1791 | D:1      | 1791 ||| READING 3 scrolls labelled GOUSIXTED.
  1892 | D:1      | 1892 ||| READING 4 scrolls labelled ZUDWIU FITUNA.
  1893 | D:1      | 1893 ||| DRINKING 2 amethyst potions.
  1894 | D:1      | 1894 ||| READING 3 scrolls of identify.
  1894 | D:1      | 1894 ||| IDENTIFYING fuming coppery potion
  1895 | D:1      | 1895 ||| READING 2 scrolls of identify.
  1895 | D:1      | 1895 ||| IDENTIFYING inky potion
  1896 | D:1      | 1896 ||| DROPPING potion of brilliance.
  1897 | D:1      | 1897 ||| DROPPING 2 scrolls of silence.
  1898 | D:1      | 1898 ||| DROPPING potion of berserk rage.
  1899 | D:1      | 1899 ||| DROPPING potion of lignification.
  1926 | D:2      | 1926 ||| Stepping ~*~*~tactically~*~*~ (stealth).
  1927 | D:2      | 1927 ||| Stepping ~*~*~tactically~*~*~ (stealth).
  1934 | D:2      | 1934 ||| Stepping ~*~*~tactically~*~*~ (stealth).
  1959 | D:2      | 1959 ||| Stepping ~*~*~tactically~*~*~ (stealth).
  1960 | D:2      | 1960 ||| Stepping ~*~*~tactically~*~*~ (stealth).
  1962 | D:2      | 1962 ||| Stepping ~*~*~tactically~*~*~ (stealth).
  1969 | D:2      | 1969 ||| INVOKING Berserk.
  1978 | D:2      | 1978 ||| Stepping ~*~*~tactically~*~*~ (stealth).
  1980 | D:2      | 1980 ||| Stepping ~*~*~tactically~*~*~ (stealth).
  1981 | D:2      | 1981 ||| Stepping ~*~*~tactically~*~*~ (stealth).
  1996 | D:2      | 1996 ||| Stepping ~*~*~tactically~*~*~ (stealth).
  1997 | D:2      | 1997 ||| Stepping ~*~*~tactically~*~*~ (stealth).
  2054 | D:2      | 2054 ||| Stepping ~*~*~tactically~*~*~ (stealth).
  2088 | D:2      | Found an ornate altar of the Wu Jian Council.
  2143 | D:2      | Reached skill level 6 in Axes
  2143 | D:2      | Reached XP level 4. HP: 31/39 MP: 3/3
  2279 | D:2      | 2279 ||| Stepping ~*~*~tactically~*~*~ (hiding).
  2491 | D:2      | 2491 ||| Stepping ~*~*~tactically~*~*~ (stealth).
  2569 | D:2      | 2569 ||| UPGRADING to +0 ring mail.
  2579 | D:2      | 2579 ||| DROPPING +0 leather armour.
  2580 | D:2      | 2580 ||| UPGRADING to +2 leather armour of cold resistance.
  2590 | D:2      | 2590 ||| READING scroll labelled UHUTHI PIAM.
  2591 | D:2      | 2591 ||| READING scroll labelled CULUWK FYTUCS.
  2592 | D:2      | 2592 ||| READING scroll labelled UMEDGH UNIOLUSO.
  2593 | D:2      | 2593 ||| READING 2 scrolls of identify.
  2593 | D:2      | 2593 ||| IDENTIFYING green potion
  2719 | D:3      | 2719 ||| DRINKING 2 purple potions.
  2719 | D:3      | Gained mutation: You are robust. (+10% HP) [potion of
                  | mutation]
  2782 | D:3      | 2782 ||| INVOKING Berserk.
  2795 | D:3      | Reached XP level 5. HP: 49/49 MP: 4/4
  2924 | D:3      | 2924 ||| DROPPING +0 club.
  2926 | D:3      | 2926 ||| READING scroll labelled CUXINLOGUI.
  2927 | D:3      | 2927 ||| READING scroll labelled ONLAIS EDIMA.
  2928 | D:3      | 2928 ||| Stepping randomly (stuck).
  2929 | D:3      | 2929 ||| Stepping randomly (stuck).
  2930 | D:3      | 2930 ||| Stepping randomly (stuck).
  2931 | D:3      | Reached *** piety under Trog
  2971 | D:3      | 2971 ||| SWAPPING to +0 war axe.
  2972 | D:3      | 2972 ||| DROPPING +1 hand axe.
  3128 | D:3      | 3128 ||| Stepping ~*~*~tactically~*~*~ (stealth).
  3129 | D:3      | 3129 ||| Stepping ~*~*~tactically~*~*~ (stealth).
  3556 | D:3      | Noticed Grinder
  3557 | D:3      | 3557 ||| Stepping ~*~*~tactically~*~*~ (hiding).
  3558 | D:3      | 3558 ||| Stepping ~*~*~tactically~*~*~ (hiding).
  3559 | D:3      | 3559 ||| Stepping ~*~*~tactically~*~*~ (hiding).
  3561 | D:3      | 3561 ||| INVOKING Trog's Hand.
  3562 | D:3      | 3562 ||| INVOKING Berserk.
  3565 | D:3      | Killed Grinder
  3566 | D:3      | Reached XP level 6. HP: 57/57 MP: 5/5
  3822 | D:3      | 3822 ||| UPGRADING to amulet of regeneration.
  3827 | D:3      | 3827 ||| READING scroll labelled MUEGHE VUSIXKI.
  3828 | D:3      | 3828 ||| READING scroll labelled LOOR EFUSCH.
  3829 | D:3      | 3829 ||| DROPPING +0 morningstar.
  3830 | D:3      | 3830 ||| DRINKING 2 ruby potions.
  3831 | D:3      | 3831 ||| READING 2 scrolls of identify.
  3831 | D:3      | 3831 ||| IDENTIFYING blue potion
  3997 | D:4      | Reached skill level 9 in Axes
  4040 | D:4      | Found a glowing silver altar of Zin.
  4118 | D:4      | Found a hide-covered altar of Uskayaw.
  4121 | D:4      | 4121 ||| Stepping ~*~*~tactically~*~*~ (hiding).
  4500 | D:4      | 4500 ||| READING scroll labelled BOOSSO BOXZI.
  4503 | D:4      | 4503 ||| DRINKING 2 coppery potions.
  4604 | D:4      | 4604 ||| DRINKING 2 metallic white potions.
  4605 | D:4      | 4605 ||| DRINKING 2 viscous ruby potions.
  4606 | D:4      | 4606 ||| READING 2 scrolls of identify.
  4606 | D:4      | 4606 ||| IDENTIFYING cyan potion
  4607 | D:4      | 4607 ||| DROPPING potion of ambrosia.
  4608 | D:4      | 4608 ||| DROPPING potion of flight.
  4616 | D:5      | Entered Level 5 of the Dungeon
  4630 | D:5      | Reached XP level 7. HP: 66/67 MP: 6/6
  4634 | D:5      | Found a shimmering altar of Xom.
  4639 | D:5      | Found a shimmering blue altar of Sif Muna.
  4639 | D:5      | Found an iron altar of Okawaru.
  4640 | D:5      | 4640 ||| Stepping ~*~*~tactically~*~*~ (hiding).
  4704 | D:5      | Found Nyranoji's Antique Armour Boutique.
  4713 | D:5      | 4713 ||| SHOPLISTING buzzing chain mail (285 gold, have
                  | 174).
  4713 | D:5      | 4713 ||| BUYING chain mail (135 gold).
  4713 | D:5      | Bought a chain mail for 135 gold pieces
  4713 | D:5      | 4713 ||| SHOPLISTING pair of glowing boots (225 gold, have
                  | 39).
  4713 | D:5      | 4713 ||| SHOPLISTING pair of glowing gloves (225 gold, have
                  | 39).
  4713 | D:5      | 4713 ||| SHOPLISTING shiny ring mail (210 gold, have 39).
  4740 | D:5      | 4740 ||| Stepping ~*~*~tactically~*~*~ (hiding).
  4741 | D:5      | 4741 ||| Stepping ~*~*~tactically~*~*~ (hiding).
  4779 | D:5      | Found a transporter.
  4783 | D:5      | Noticed qw's ghost (weakling GrDe)
  4789 | D:5      | Reached skill level 1 in Throwing
  4828 | D:5      | 4828 ||| INVOKING Berserk.
  4835 | D:5      | Reached skill level 6 in Fighting
  4940 | D:5      | Found a transporter.
  4962 | D:5      | 4962 ||| Stepping ~*~*~tactically~*~*~ (stealth).
  4974 | D:5      | 4974 ||| Stepping ~*~*~tactically~*~*~ (stealth).
  4981 | D:5      | Reached XP level 8. HP: 77/77 MP: 7/7
  4982 | D:5      | 4982 ||| Stepping ~*~*~tactically~*~*~ (stealth).
  4986 | D:5      | 4986 ||| Stepping ~*~*~tactically~*~*~ (stealth).
  4994 | D:5      | 4994 ||| Stepping ~*~*~tactically~*~*~ (stealth).
  5001 | D:5      | 5001 ||| Stepping ~*~*~tactically~*~*~ (stealth).
  5003 | D:5      | 5003 ||| INVOKING Berserk.
  5012 | D:5      | 5012 ||| Stepping ~*~*~tactically~*~*~ (stealth).
  5132 | D:5      | Found a staircase to the Ecumenical Temple.
  5236 | D:5      | 5236 ||| DROPPING +0 ring mail.
  5237 | D:5      | 5237 ||| UPGRADING to +0 cloak.
  5242 | D:5      | 5242 ||| UPGRADING to +0 chain mail.
  5252 | D:5      | 5252 ||| DROPPING +2 leather armour of cold resistance.
  5253 | D:5      | 5253 ||| READING scroll labelled TUFEOF QOGG.
  5281 | D:6      | 5281 ||| Stepping ~*~*~tactically~*~*~ (hiding).
  5285 | D:6      | 5285 ||| INVOKING Berserk.
  5408 | D:6      | Found an opulent altar of Gozag.
  5445 | D:6      | Found Ufegh's Antique Weapon Shop.
  5465 | D:6      | 5465 ||| INVOKING Berserk.
  5602 | D:6      | 5602 ||| INVOKING Berserk.
  5751 | D:6      | 5751 ||| INVOKING Berserk.
  5875 | D:6      | 5875 ||| Stepping ~*~*~tactically~*~*~ (hiding).
  6021 | D:6      | 6021 ||| Stepping ~*~*~tactically~*~*~ (hiding).
  6178 | D:6      | Reached skill level 12 in Axes
  6199 | D:6      | Found Toetam's Weapon Shop.
  6209 | D:6      | 6209 ||| INVOKING Berserk.
  6322 | D:6      | 6322 ||| SHOPLISTING +2 vorpal broad axe (252 gold, have
                  | 121).
  6503 | D:6      | Identified the +1 robe of Absolutism {Dex+3}
  6584 | D:6      | Noticed Dowan
  6586 | D:6      | 6586 ||| INVOKING Berserk.
  6590 | D:6      | Killed Dowan
  6591 | D:6      | Reached XP level 9. HP: 86/86 MP: 8/8
  6591 | D:6      | Noticed Duvessa
  6598 | D:6      | Killed Duvessa
  6931 | D:6      | 6931 ||| UPGRADING to ring of willpower.
  6932 | D:6      | 6932 ||| READING scroll labelled LIDGHE WEAREGH.
  7126 | D:5      | Found a snail-covered altar of Cheibriados.
  7126 | D:5      | Found a glowing golden altar of the Shining One.
  7242 | D:7      | 7242 ||| Stepping ~*~*~tactically~*~*~ (stealth).
  7274 | D:7      | 7274 ||| INVOKING Berserk.
  7278 | D:7      | Reached **** piety under Trog
  7448 | D:7      | 7448 ||| Stepping ~*~*~tactically~*~*~ (hiding).
  8073 | D:7      | 8073 ||| Stepping ~*~*~tactically~*~*~ (stealth).
  8075 | D:7      | 8075 ||| Stepping ~*~*~tactically~*~*~ (stealth).
  8369 | D:8      | 8369 ||| PLANNING OSSUARY
  8400 | D:8      | 8400 ||| READING scroll of enchant weapon.
  8400 | D:8      | 8400 ||| ENCHANTING +0 war axe of flaming.
  8449 | D:8      | 8449 ||| Stepping ~*~*~tactically~*~*~ (stealth).
  8451 | D:8      | 8451 ||| Stepping ~*~*~tactically~*~*~ (stealth).
  8453 | D:8      | 8453 ||| Stepping ~*~*~tactically~*~*~ (hiding).
  8455 | D:8      | 8455 ||| Stepping ~*~*~tactically~*~*~ (hiding).
  8458 | D:8      | 8458 ||| Stepping ~*~*~tactically~*~*~ (cloud).
  8461 | D:8      | 8461 ||| Stepping randomly (stuck).
  8462 | D:8      | 8462 ||| INVOKING Berserk.
  8547 | D:8      | 8547 ||| Stepping ~*~*~tactically~*~*~ (stealth).
  8560 | D:8      | 8560 ||| Stepping ~*~*~tactically~*~*~ (water).
  8563 | D:8      | 8563 ||| INVOKING Berserk.
  8740 | D:8      | 8740 ||| Stepping ~*~*~tactically~*~*~ (stealth).
  8741 | D:8      | 8741 ||| Stepping ~*~*~tactically~*~*~ (stealth).
  8743 | D:8      | 8743 ||| Stepping ~*~*~tactically~*~*~ (hiding).
  8746 | D:8      | 8746 ||| INVOKING Berserk.
  8862 | D:8      | Found a hazy altar of Hepliaklqana.
  8923 | D:8      | 8923 ||| READING scroll of brand weapon.
  8923 | D:8      | 8923 ||| BRANDING +1 war axe of flaming.
  8931 | D:8      | 8931 ||| Stepping ~*~*~tactically~*~*~ (stealth).
  8938 | D:8      | 8938 ||| RIP OSSUARY
  8939 | D:8      | 8939 ||| PLANNING D:1-11
  8987 | D:8      | Reached skill level 6 in Armour
  9092 | D:8      | 9092 ||| Stepping ~*~*~tactically~*~*~ (stealth).
  9114 | D:8      | 9114 ||| Stepping ~*~*~tactically~*~*~ (stealth).
  9136 | D:8      | Found a staircase to the Lair.
  9137 | D:8      | 9137 ||| INVOKING Berserk.
  9144 | D:8      | Reached skill level 3 in Dodging
  9228 | D:8      | 9228 ||| Stepping ~*~*~tactically~*~*~ (stealth).
  9287 | D:8      | Reached XP level 10. HP: 96/96 MP: 9/9
  9366 | D:8      | 9366 ||| INVOKING Berserk.
  9536 | D:8      | 9536 ||| Stepping ~*~*~tactically~*~*~ (hiding).
  9597 | D:8      | 9597 ||| Stepping ~*~*~tactically~*~*~ (stealth).
  9657 | D:8      | 9657 ||| Stepping ~*~*~tactically~*~*~ (hiding).
  9669 | D:8      | 9669 ||| DROPPING +0 club.
  9761 | D:8      | Noticed a two-headed ogre
  9765 | D:8      | 9765 ||| INVOKING Berserk.
  9771 | D:8      | Killed a two-headed ogre
  9772 | D:8      | Reached skill level 15 in Axes
  9906 | D:8      | 9906 ||| PLANNING LAIR
  9906 | D:8      | 9906 ||| READING 2 scrolls of identify.
  9906 | D:8      | 9906 ||| IDENTIFYING bubbling white potion
  9907 | D:8      | 9907 ||| DROPPING potion of magic.
  9960 | Lair:1   | Entered Level 1 of the Lair of Beasts
  9989 | Lair:1   | 9989 ||| Stepping ~*~*~tactically~*~*~ (hiding).
 10001 | Lair:1   | Noticed a black mamba
 10002 | Lair:1   | 10002 ||| Stepping ~*~*~tactically~*~*~ (stealth).
 10005 | Lair:1   | 10005 ||| INVOKING Berserk.
 10010 | Lair:1   | Killed a black mamba
 10011 | Lair:1   | Reached skill level 9 in Fighting
 10180 | Lair:1   | 10180 ||| Stepping ~*~*~tactically~*~*~ (stealth).
 10241 | Lair:1   | Noticed a torpor snail
 10244 | Lair:1   | Noticed a black mamba
 10246 | Lair:1   | 10246 ||| INVOKING Berserk.
 10251 | Lair:1   | Killed a black mamba
 10254 | Lair:1   | Killed a torpor snail
 10385 | Lair:1   | Noticed a catoblepas
 10386 | Lair:1   | 10386 ||| Stepping ~*~*~tactically~*~*~ (hiding).
 10388 | Lair:1   | 10388 ||| INVOKING Berserk.
 10401 | Lair:1   | 10401 ||| Stepping ~*~*~tactically~*~*~ (cloud).
 10402 | Lair:1   | 10402 ||| Stepping ~*~*~tactically~*~*~ (cloud).
 10403 | Lair:1   | 10403 ||| Stepping ~*~*~tactically~*~*~ (cloud).
 10405 | Lair:1   | Killed a catoblepas
 10413 | Lair:1   | Reached XP level 11. HP: 60/110 MP: 10/10
 10568 | Lair:1   | 10568 ||| INVOKING Berserk.
 10905 | Lair:1   | 10905 ||| INVOKING Berserk.
 11024 | Lair:1   | 11024 ||| INVOKING Berserk.
 11202 | Lair:1   | 11202 ||| DROPPING +0 whip.
 11225 | Lair:1   | 11225 ||| INVOKING Berserk.
 11486 | Lair:1   | 11486 ||| UPGRADING to +0 kite shield.
 11491 | Lair:1   | 11491 ||| READING 3 scrolls labelled OSHRAS YGOTOD.
 11492 | Lair:1   | 11492 ||| DROPPING 2 scrolls of amnesia.
 11520 | Lair:2   | 11520 ||| STAIRDANCE
 11530 | Lair:2   | 11530 ||| STAIRDANCE
 11532 | Lair:1   | 11532 ||| INVOKING Berserk.
 11535 | Lair:1   | Reached skill level 1 in Shields
 11655 | Lair:2   | 11655 ||| INVOKING Berserk.
 11661 | Lair:2   | Reached skill level 3 in Shields
 11661 | Lair:2   | 11661 ||| STAIRDANCE
 11800 | Lair:2   | Found a hole to the Spider Nest.
 11841 | Lair:2   | 11841 ||| INVOKING Berserk.
 11861 | Lair:2   | Reached skill level 6 in Shields
 12194 | Lair:2   | 12194 ||| Stepping ~*~*~tactically~*~*~ (stealth).
 12198 | Lair:2   | 12198 ||| INVOKING Berserk.
 12400 | Lair:2   | 12400 ||| Stepping ~*~*~tactically~*~*~ (stealth).
 12520 | Lair:2   | 12520 ||| Stepping ~*~*~tactically~*~*~ (stealth).
 12522 | Lair:2   | 12522 ||| INVOKING Berserk.
 12542 | Lair:2   | Reached skill level 9 in Shields
 12798 | Lair:2   | 12798 ||| READING 2 scrolls of identify.
 12798 | Lair:2   | 12798 ||| IDENTIFYING smoky dark potion
 12799 | Lair:2   | 12799 ||| DROPPING potion of attraction.
 12832 | Lair:3   | Noticed a six-headed hydra
 12833 | Lair:3   | 12833 ||| INVOKING Brothers in Arms.
 12834 | Lair:3   | 12834 ||| Stepping ~*~*~tactically~*~*~ (stealth).
 12836 | Lair:3   | 12836 ||| INVOKING Brothers in Arms.
 12837 | Lair:3   | 12837 ||| INVOKING Brothers in Arms.
 12838 | Lair:3   | 12838 ||| SWAPPING to +0 morningstar.
 12839 | Lair:3   | 12839 ||| INVOKING Berserk.
 12840 | Lair:3   | Killed a six-headed hydra
 12849 | Lair:3   | 12849 ||| SWAPPING to +1 vampiric war axe.
 12858 | Lair:3   | Reached XP level 12. HP: 112/118 MP: 11/11
 13052 | Lair:3   | 13052 ||| DROPPING +0 morningstar.
 13068 | Lair:3   | 13068 ||| INVOKING Berserk.
 13086 | Lair:3   | Noticed Gastronok
 13088 | Lair:3   | 13088 ||| Stepping ~*~*~tactically~*~*~ (hiding).
 13108 | Lair:3   | Killed Gastronok
 13260 | Lair:3   | Noticed a six-headed hydra
 13261 | Lair:3   | 13261 ||| Stepping ~*~*~tactically~*~*~ (stealth).
 13266 | Lair:3   | 13266 ||| Stepping ~*~*~tactically~*~*~ (stealth).
 13267 | Lair:3   | 13267 ||| Stepping ~*~*~tactically~*~*~ (stealth).
 13269 | Lair:3   | 13269 ||| INVOKING Berserk.
 13298 | Lair:3   | 13298 ||| Stepping ~*~*~tactically~*~*~ (stealth).
 13304 | Lair:3   | 13304 ||| Stepping ~*~*~tactically~*~*~ (stealth).
 13305 | Lair:3   | 13305 ||| Stepping ~*~*~tactically~*~*~ (hiding).
 13306 | Lair:3   | 13306 ||| FLEEEEING.
 13309 | Lair:3   | 13309 ||| Stepping ~*~*~tactically~*~*~ (hiding).
 13317 | Lair:3   | 13317 ||| Stepping ~*~*~tactically~*~*~ (stealth).
 13318 | Lair:3   | 13318 ||| Stepping ~*~*~tactically~*~*~ (stealth).
 13330 | Lair:3   | Found a staircase to the Shoals.
 13376 | Lair:3   | 13376 ||| Stepping ~*~*~tactically~*~*~ (hiding).
 13377 | Lair:3   | 13377 ||| Stepping ~*~*~tactically~*~*~ (hiding).
 13378 | Lair:3   | 13378 ||| Stepping ~*~*~tactically~*~*~ (hiding).
 13549 | Lair:3   | Noticed a boulder beetle
 13551 | Lair:3   | 13551 ||| INVOKING Berserk.
 13554 | Lair:3   | Reached skill level 12 in Shields
 13563 | Lair:3   | Killed a boulder beetle
 13693 | Lair:3   | Reached skill level 9 in Armour
 13770 | Lair:3   | 13770 ||| INVOKING Brothers in Arms.
 13775 | Lair:3   | 13775 ||| SWAPPING to +2 morningstar of protection.
 13777 | Lair:3   | 13777 ||| INVOKING Berserk.
 13785 | Lair:3   | Killed a six-headed hydra
 13802 | Lair:3   | 13802 ||| SWAPPING to +1 vampiric war axe.
 14008 | Lair:3   | Identified the +0 mace "Xytim" {flame, SInv}
 14193 | Lair:3   | 14193 ||| UPGRADING to +3 hat of Pondering {ponderous,
                  | Will+ MP+10 Int+5}.
 14257 | Lair:3   | 14257 ||| DROPPING ring of magical power.
 14258 | Lair:3   | 14258 ||| UPGRADING to ring of resist corrosion.
 14259 | Lair:3   | 14259 ||| READING scroll labelled PULOUG JAMUA.
 14260 | Lair:3   | 14260 ||| READING 2 scrolls of teleportation.
 14290 | Lair:4   | 14290 ||| INVOKING Berserk.
 14316 | Lair:4   | 14316 ||| Stepping ~*~*~tactically~*~*~ (stealth).
 14319 | Lair:4   | 14319 ||| FLEEEEING.
 14320 | Lair:4   | 14320 ||| FLEEEEING.
 14327 | Lair:4   | 14327 ||| INVOKING Berserk.
 14350 | Lair:4   | 14350 ||| Stepping ~*~*~tactically~*~*~ (stealth).
 14351 | Lair:4   | 14351 ||| Stepping ~*~*~tactically~*~*~ (stealth).
 14467 | Lair:4   | 14467 ||| INVOKING Berserk.
 14476 | Lair:4   | Reached skill level 12 in Fighting
 14590 | Lair:4   | 14590 ||| Stepping ~*~*~tactically~*~*~ (stealth).
 14711 | Lair:4   | Found a runed translucent door.
 14712 | Lair:4   | Noticed qw's ghost (journeyman MiBe)
 14712 | Lair:4   | Identified the +7 trident of Dominance {freeze, Int+2}
 14831 | Lair:4   | 14831 ||| INVOKING Berserk.
 14856 | Lair:4   | 14856 ||| Stepping ~*~*~tactically~*~*~ (stealth).
 14867 | Lair:4   | 14867 ||| Stepping ~*~*~tactically~*~*~ (stealth).
 14902 | Lair:4   | 14902 ||| Stepping ~*~*~tactically~*~*~ (stealth).
 14947 | Lair:4   | Noticed a five-headed hydra
 14949 | Lair:4   | 14949 ||| SWAPPING to +2 morningstar of protection.
 14950 | Lair:4   | 14950 ||| INVOKING Berserk.
 14953 | Lair:4   | Killed a five-headed hydra
 14960 | Lair:4   | 14960 ||| SWAPPING to +1 vampiric war axe.
 15004 | Lair:4   | 15004 ||| Stepping ~*~*~tactically~*~*~ (stealth).
 15089 | Lair:4   | 15089 ||| Stepping ~*~*~tactically~*~*~ (stealth).
 15090 | Lair:4   | 15090 ||| Stepping ~*~*~tactically~*~*~ (stealth).
 15102 | Lair:4   | 15102 ||| Stepping ~*~*~tactically~*~*~ (stealth).
 15139 | Lair:4   | 15139 ||| Stepping ~*~*~tactically~*~*~ (stealth).
 15243 | Lair:4   | Reached XP level 13. HP: 130/134 MP: 12/12
 15245 | Lair:4   | 15245 ||| INVOKING Berserk.
 15255 | Lair:4   | Reached skill level 3 in Throwing
 15371 | Lair:4   | Reached skill level 6 in Dodging
 15410 | Lair:4   | 15410 ||| Stepping ~*~*~tactically~*~*~ (stealth).
 15462 | Lair:4   | 15462 ||| Stepping ~*~*~tactically~*~*~ (stealth).
 15517 | Lair:4   | Noticed a dire elephant
 15518 | Lair:4   | 15518 ||| INVOKING Berserk.
 15528 | Lair:4   | Killed a dire elephant
 15650 | Lair:4   | 15650 ||| Stepping ~*~*~tactically~*~*~ (stealth).
 15651 | Lair:4   | 15651 ||| Stepping ~*~*~tactically~*~*~ (stealth).
 15656 | Lair:4   | 15656 ||| Stepping ~*~*~tactically~*~*~ (stealth).
 15791 | Lair:4   | 15791 ||| Stepping ~*~*~tactically~*~*~ (stealth).
 15792 | Lair:4   | 15792 ||| Stepping ~*~*~tactically~*~*~ (stealth).
 15793 | Lair:4   | 15793 ||| Stepping ~*~*~tactically~*~*~ (stealth).
 15794 | Lair:4   | 15794 ||| Stepping ~*~*~tactically~*~*~ (stealth).
 15920 | Lair:4   | 15920 ||| UPGRADING to ring of see invisible.
 15922 | Lair:4   | 15922 ||| UPGRADING to ring of willpower.
 15924 | Lair:4   | 15924 ||| READING 5 scrolls of identify.
 15924 | Lair:4   | 15924 ||| IDENTIFYING glowing clear potion
 15925 | Lair:4   | 15925 ||| DROPPING potion of degeneration.
 15950 | Lair:5   | Entered Level 5 of the Lair of Beasts
 15951 | Lair:5   | 15951 ||| INVOKING Brothers in Arms.
 15952 | Lair:5   | 15952 ||| INVOKING Brothers in Arms.
 15953 | Lair:5   | 15953 ||| INVOKING Brothers in Arms.
 15954 | Lair:5   | 15954 ||| SWAPPING to +2 morningstar of protection.
 15956 | Lair:5   | 15956 ||| INVOKING Berserk.
 15966 | Lair:5   | 15966 ||| SWAPPING to +1 vampiric war axe.
 16024 | Lair:5   | 16024 ||| Stepping ~*~*~tactically~*~*~ (stealth).
 16026 | Lair:5   | 16026 ||| Stepping ~*~*~tactically~*~*~ (stealth).
 16029 | Lair:5   | 16029 ||| INVOKING Berserk.
 16159 | Lair:5   | 16159 ||| Stepping ~*~*~tactically~*~*~ (stealth).
 16159 | Lair:5   | Found a staircase to the Slime Pits.
 16193 | Lair:5   | 16193 ||| INVOKING Brothers in Arms.
 16194 | Lair:5   | 16194 ||| INVOKING Brothers in Arms.
 16195 | Lair:5   | 16195 ||| INVOKING Brothers in Arms.
 16196 | Lair:5   | 16196 ||| INVOKING Brothers in Arms.
 16197 | Lair:5   | 16197 ||| SWAPPING to +2 morningstar of protection.
 16199 | Lair:5   | 16199 ||| INVOKING Berserk.
 16209 | Lair:5   | 16209 ||| SWAPPING to +1 vampiric war axe.
 16382 | Lair:5   | 16382 ||| FLEEEEING.
 16383 | Lair:5   | 16383 ||| FLEEEEING.
 16384 | Lair:5   | 16384 ||| FLEEEEING.
 16385 | Lair:5   | 16385 ||| FLEEEEING.
 16386 | Lair:5   | 16386 ||| INVOKING Berserk.
 16507 | Lair:5   | 16507 ||| Stepping ~*~*~tactically~*~*~ (stealth).
 16520 | Lair:5   | 16520 ||| Stepping ~*~*~tactically~*~*~ (stealth).
 16524 | Lair:5   | 16524 ||| Stepping ~*~*~tactically~*~*~ (stealth).
 16578 | Lair:5   | 16578 ||| Stepping ~*~*~tactically~*~*~ (stealth).
 16579 | Lair:5   | 16579 ||| INVOKING Brothers in Arms.
 16580 | Lair:5   | 16580 ||| INVOKING Brothers in Arms.
 16581 | Lair:5   | 16581 ||| INVOKING Brothers in Arms.
 16582 | Lair:5   | 16582 ||| INVOKING Brothers in Arms.
 16583 | Lair:5   | 16583 ||| INVOKING Brothers in Arms.
 16584 | Lair:5   | 16584 ||| SWAPPING to +2 morningstar of protection.
 16585 | Lair:5   | 16585 ||| INVOKING Berserk.
 16604 | Lair:5   | 16604 ||| SWAPPING to +1 vampiric war axe.
 16677 | Lair:5   | 16677 ||| Stepping ~*~*~tactically~*~*~ (stealth).
 16743 | Lair:5   | 16743 ||| INVOKING Berserk.
 16855 | Lair:5   | 16855 ||| Stepping ~*~*~tactically~*~*~ (hiding).
 16856 | Lair:5   | 16856 ||| Stepping ~*~*~tactically~*~*~ (stealth).
 16858 | Lair:5   | 16858 ||| INVOKING Berserk.
 16893 | Lair:5   | Reached skill level 15 in Fighting
 16929 | Lair:5   | 16929 ||| INVOKING Berserk.
 16997 | Lair:5   | 16997 ||| STAIRDANCE
 17156 | Lair:5   | Identified the +4 falchion of Disintegration {vorpal, rC++
                  | Will++ Dex-3}
 17209 | Lair:5   | Noticed a dire elephant
 17209 | Lair:5   | Noticed a dire elephant
 17210 | Lair:5   | Noticed a dire elephant
 17254 | Lair:5   | 17254 ||| FLEEEEING.
 17255 | Lair:5   | 17255 ||| FLEEEEING.
 17256 | Lair:5   | 17256 ||| FLEEEEING.
 17257 | Lair:5   | 17257 ||| FLEEEEING.
 17258 | Lair:5   | 17258 ||| FLEEEEING.
 17259 | Lair:5   | 17259 ||| FLEEEEING.
 17260 | Lair:5   | 17260 ||| FLEEEEING.
 17335 | Lair:5   | Noticed a dire elephant
 17340 | Lair:5   | 17340 ||| INVOKING Berserk.
 17346 | Lair:5   | Killed a dire elephant
 17368 | Lair:5   | 17368 ||| Stepping ~*~*~tactically~*~*~ (stealth).
 17370 | Lair:5   | 17370 ||| Stepping ~*~*~tactically~*~*~ (stealth).
 17500 | Lair:5   | Reached XP level 14. HP: 123/148 MP: 13/13
 17576 | Lair:5   | 17576 ||| INVOKING Berserk.
 17740 | Lair:5   | 17740 ||| INVOKING Brothers in Arms.
 17741 | Lair:5   | 17741 ||| INVOKING Brothers in Arms.
 17742 | Lair:5   | 17742 ||| INVOKING Brothers in Arms.
 17743 | Lair:5   | 17743 ||| INVOKING Brothers in Arms.
 17744 | Lair:5   | 17744 ||| INVOKING Brothers in Arms.
 17745 | Lair:5   | 17745 ||| INVOKING Brothers in Arms.
 17746 | Lair:5   | 17746 ||| INVOKING Brothers in Arms.
 17747 | Lair:5   | 17747 ||| INVOKING Brothers in Arms.
 17754 | Lair:5   | 17754 ||| INVOKING Berserk.
 17767 | Lair:5   | Reached skill level 12 in Armour
 17930 | Lair:5   | Found a sparkling altar of Nemelex Xobeh.
 17943 | Lair:5   | 17943 ||| INVOKING Berserk.
 17949 | Lair:5   | Reached skill level 15 in Shields
 18443 | Lair:5   | 18443 ||| READING scroll of teleportation.
 18464 | Lair:5   | 18464 ||| Stepping randomly (stuck).
 18466 | Lair:5   | 18466 ||| Stepping randomly (stuck).
 18467 | Lair:5   | 18467 ||| Stepping randomly (stuck).
 18468 | Lair:5   | 18468 ||| Stepping randomly (stuck).
 18469 | Lair:5   | 18469 ||| Stepping randomly (stuck).
 18470 | Lair:5   | 18470 ||| Stepping randomly (stuck).
 18471 | Lair:5   | 18471 ||| Stepping randomly (stuck).
 18472 | Lair:5   | 18472 ||| Stepping randomly (stuck).
 18473 | Lair:5   | 18473 ||| Stepping randomly (stuck).
 18474 | Lair:5   | 18474 ||| Stepping randomly (stuck).
 18475 | Lair:5   | 18475 ||| Stepping randomly (stuck).
 18476 | Lair:5   | 18476 ||| Stepping randomly (stuck).
 18477 | Lair:5   | 18477 ||| Stepping randomly (stuck).
 18495 | Lair:5   | 18495 ||| Stepping ~*~*~tactically~*~*~ (hiding).
 18538 | Lair:5   | 18538 ||| READING scroll of enchant weapon.
 18538 | Lair:5   | 18538 ||| ENCHANTING +1 vampiric war axe.
 18557 | Lair:5   | 18557 ||| Stepping ~*~*~tactically~*~*~ (stealth).
 18558 | Lair:5   | 18558 ||| Stepping ~*~*~tactically~*~*~ (hiding).
 18559 | Lair:5   | 18559 ||| INVOKING Berserk.
 18695 | Lair:5   | 18695 ||| PLANNING D:1-11
 18695 | Lair:5   | 18695 ||| UPGRADING to +4 plate armour of cold resistance.
 18705 | Lair:5   | 18705 ||| DROPPING +0 chain mail.
 18850 | D:9      | Found a runed translucent gate.
 18851 | D:9      | Found a runed translucent gate.
 18871 | D:9      | Noticed Erolcha
 18872 | D:9      | 18872 ||| INVOKING Trog's Hand.
 18875 | D:9      | 18875 ||| INVOKING Berserk.
 18892 | D:9      | Killed Erolcha
 18938 | D:9      | 18938 ||| Stepping randomly (cloudy).
 18938 | D:9      | Noticed qw's ghost (novice MiBe)
 18942 | D:9      | 18942 ||| Stepping ~*~*~tactically~*~*~ (stealth).
 18943 | D:9      | 18943 ||| Stepping ~*~*~tactically~*~*~ (stealth).
 18944 | D:9      | 18944 ||| Stepping ~*~*~tactically~*~*~ (stealth).
 18979 | D:9      | Found a runed translucent gate.
 18991 | D:9      | Found Heclixovad's Weapon Shoppe.
 18991 | D:9      | Found a staircase to the Orcish Mines.
 18991 | D:9      | Found Ovaot's Armour Shoppe.
 19008 | D:9      | 19008 ||| BUYING +0 pair of boots (58 gold).
 19008 | D:9      | Bought a +0 pair of boots for 58 gold pieces
 19008 | D:9      | 19008 ||| BUYING +1 pair of boots of stealth (214 gold).
 19008 | D:9      | Bought a +1 pair of boots of stealth for 214 gold pieces
 19043 | D:9      | Noticed Psyche
 19048 | D:9      | Killed Psyche
 19155 | D:9      | Found a white marble altar of Elyvilon.
 19342 | D:9      | 19342 ||| UPGRADING to +0 pair of boots.
 19347 | D:9      | 19347 ||| UPGRADING to +1 pair of boots of stealth.
 19357 | D:9      | 19357 ||| DROPPING +0 pair of boots.
 19371 | D:10     | Entered Level 10 of the Dungeon
 19411 | D:10     | 19411 ||| Stepping ~*~*~tactically~*~*~ (stealth).
 19413 | D:10     | 19413 ||| Stepping ~*~*~tactically~*~*~ (stealth).
 19415 | D:10     | 19415 ||| Stepping ~*~*~tactically~*~*~ (stealth).
 19420 | D:10     | 19420 ||| Stepping ~*~*~tactically~*~*~ (stealth).
 19421 | D:10     | 19421 ||| Stepping ~*~*~tactically~*~*~ (stealth).
 19432 | D:10     | 19432 ||| Stepping ~*~*~tactically~*~*~ (stealth).
 19433 | D:10     | 19433 ||| Stepping ~*~*~tactically~*~*~ (stealth).
 19471 | D:10     | 19471 ||| Stepping ~*~*~tactically~*~*~ (stealth).
 19498 | D:10     | 19498 ||| Stepping ~*~*~tactically~*~*~ (stealth).
 19531 | D:10     | Found a flagged portal.
 19670 | D:10     | 19670 ||| Stepping ~*~*~tactically~*~*~ (hiding).
 19671 | D:10     | 19671 ||| Stepping ~*~*~tactically~*~*~ (hiding).
 20334 | D:11     | 20334 ||| Stepping ~*~*~tactically~*~*~ (stealth).
 20399 | D:11     | Identified the +11 great mace "Worur" {holy, Int+3}
 20470 | D:11     | Reached ***** piety under Trog
 20901 | D:11     | Noticed Harold
 20914 | D:11     | Killed Harold
 20916 | D:11     | 20916 ||| PLANNING D
 21036 | D:12     | 21036 ||| Stepping ~*~*~tactically~*~*~ (stealth).
 21038 | D:12     | 21038 ||| Stepping ~*~*~tactically~*~*~ (stealth).
 21280 | D:12     | 21280 ||| Stepping ~*~*~tactically~*~*~ (stealth).
 21565 | D:12     | 21565 ||| Stepping ~*~*~tactically~*~*~ (hiding).
 21954 | D:12     | 21954 ||| UPGRADING to amulet of reflection.
 21964 | D:12     | 21964 ||| DROPPING amulet of regeneration.
 21965 | D:12     | 21965 ||| READING scroll labelled COPSIO LI KEA.
 22230 | D:13     | 22230 ||| Stepping ~*~*~tactically~*~*~ (hiding).
 22232 | D:13     | 22232 ||| Stepping ~*~*~tactically~*~*~ (hiding).
 22245 | D:13     | Reached skill level 6 in Throwing
 22533 | D:13     | 22533 ||| READING scroll of enchant weapon.
 22533 | D:13     | 22533 ||| ENCHANTING +2 vampiric war axe.
 22599 | D:13     | 22599 ||| INVOKING Brothers in Arms.
 22600 | D:13     | 22600 ||| INVOKING Berserk.
 22728 | D:13     | 22728 ||| Stepping ~*~*~tactically~*~*~ (stealth).
 22729 | D:13     | 22729 ||| Stepping ~*~*~tactically~*~*~ (stealth).
 22880 | D:13     | 22880 ||| Stepping ~*~*~tactically~*~*~ (hiding).
 22951 | D:13     | Reached XP level 15. HP: 157/157 MP: 14/14
 23082 | D:14     | Found Vog Capp's Jewellery Boutique.
 23227 | D:14     | 23227 ||| BUYING +4 ring of evasion (612 gold).
 23227 | D:14     | Bought a +4 ring of evasion for 612 gold pieces
 23227 | D:14     | 23227 ||| SHOPLISTING +6 ring of strength (612 gold, have
                  | 437).
 23227 | D:14     | 23227 ||| BUYING ring of positive energy (340 gold).
 23227 | D:14     | Bought a ring of positive energy for 340 gold pieces
 23254 | D:14     | Found Zipeb's Magic Scroll Emporium.
 23263 | D:14     | 23263 ||| SHOPLISTING scroll of acquirement (728 gold, have
                  | 97).
 23295 | D:14     | 23295 ||| Stepping ~*~*~tactically~*~*~ (stealth).
 23297 | D:14     | 23297 ||| Stepping ~*~*~tactically~*~*~ (hiding).
 23372 | D:14     | Found Uheidumno's Jewellery Shoppe.
 23377 | D:14     | 23377 ||| SHOPLISTING ring "Qisemofo" {rN++ Will+} (552
                  | gold, have 116).
 23377 | D:14     | 23377 ||| SHOPLISTING ring of fire (325 gold, have 116).
 23377 | D:14     | 23377 ||| SHOPLISTING ring of poison resistance (260 gold,
                  | have 116).
 23377 | D:14     | 23377 ||| SHOPLISTING ring of protection from cold (325
                  | gold, have 116).
 23528 | D:14     | Reached skill level 15 in Armour
 23682 | D:14     | Received a gift from Trog
 23699 | D:14     | 23699 ||| DROPPING +0 broad axe.
 23754 | D:14     | Found Peossam Igoy's Jewellery Boutique.
 23755 | D:14     | 23755 ||| Stepping ~*~*~tactically~*~*~ (hiding).
 23831 | D:14     | 23831 ||| SHOPLISTING +4 ring of evasion (468 gold, have
                  | 125).
 23831 | D:14     | 23831 ||| SHOPLISTING ring "Cenog" {Ice *Corrode rElec
                  | rN+++ Int-2} (652 gold, have 125).
 24004 | D:14     | 24004 ||| INVOKING Trog's Hand.
 24006 | D:14     | 24006 ||| INVOKING Berserk.
 24126 | D:14     | Found a gate to the Vaults.
 24298 | D:14     | 24298 ||| UPGRADING to +0 tower shield.
 24308 | D:14     | 24308 ||| DROPPING +0 kite shield.
 24309 | D:14     | 24309 ||| UPGRADING to +4 ring of evasion.
 24311 | D:14     | 24311 ||| DROPPING ring of willpower.
 24312 | D:14     | 24312 ||| READING 3 scrolls of teleportation.
 24330 | D:15     | Entered Level 15 of the Dungeon
 24345 | D:15     | 24345 ||| Stepping ~*~*~tactically~*~*~ (stealth).
 24347 | D:15     | 24347 ||| Stepping ~*~*~tactically~*~*~ (hiding).
 24466 | D:15     | 24466 ||| Stepping ~*~*~tactically~*~*~ (stealth).
 24467 | D:15     | 24467 ||| Stepping ~*~*~tactically~*~*~ (stealth).
 24468 | D:15     | 24468 ||| Stepping ~*~*~tactically~*~*~ (stealth).
 24488 | D:15     | 24488 ||| Stepping ~*~*~tactically~*~*~ (stealth).
 24547 | D:15     | 24547 ||| Stepping ~*~*~tactically~*~*~ (hiding).
 24548 | D:15     | 24548 ||| Stepping ~*~*~tactically~*~*~ (hiding).
 24591 | D:15     | 24591 ||| INVOKING Brothers in Arms.
 24594 | D:15     | 24594 ||| SWAPPING to +2 morningstar of protection.
 24595 | D:15     | 24595 ||| INVOKING Berserk.
 24609 | D:15     | 24609 ||| SWAPPING to +3 vampiric war axe.
 24713 | D:15     | Found a sparkling altar of Nemelex Xobeh.
 24713 | D:15     | Found a blossoming altar of Fedhas.
 24714 | D:15     | Found an ancient bone altar of Kikubaaqudgha.
 24726 | D:15     | 24726 ||| Stepping ~*~*~tactically~*~*~ (hiding).
 24727 | D:15     | 24727 ||| Stepping ~*~*~tactically~*~*~ (hiding).
 24771 | D:15     | 24771 ||| INVOKING Brothers in Arms.
 24772 | D:15     | 24772 ||| INVOKING Berserk.
 24900 | D:15     | 24900 ||| INVOKING Trog's Hand.
 24901 | D:15     | 24901 ||| INVOKING Berserk.
 25027 | D:15     | 25027 ||| Stepping ~*~*~tactically~*~*~ (hiding).
 25028 | D:15     | 25028 ||| Stepping ~*~*~tactically~*~*~ (hiding).
 25029 | D:15     | 25029 ||| Stepping ~*~*~tactically~*~*~ (hiding).
 25034 | D:15     | 25034 ||| INVOKING Trog's Hand.
 25035 | D:15     | 25035 ||| INVOKING Berserk.
 25152 | D:15     | Found the +3 pair of gauntlets of War {Slay+5}
 25153 | D:15     | 25153 ||| Stepping ~*~*~tactically~*~*~ (hiding).
 25162 | D:15     | 25162 ||| INVOKING Berserk.
 25382 | D:15     | 25382 ||| Stepping ~*~*~tactically~*~*~ (hiding).
 25487 | D:15     | 25487 ||| SWAPPING to +2 morningstar of protection.
 25488 | D:15     | 25488 ||| INVOKING Berserk.
 25497 | D:15     | 25497 ||| SWAPPING to +3 vampiric war axe.
 25543 | D:15     | Noticed a frost giant
 25544 | D:15     | 25544 ||| FLEEEEING.
 25557 | D:15     | Killed a frost giant
 25558 | D:15     | Identified the +8 bardiche "Kimiuty" {vorpal, rCorr}
 25558 | D:15     | Noticed a tengu reaver
 25562 | D:15     | 25562 ||| INVOKING Berserk.
 25571 | D:15     | Reached skill level 18 in Shields
 25576 | D:15     | Killed a tengu reaver
 25584 | D:15     | Noticed a shadow dragon
 25585 | D:15     | 25585 ||| Stepping ~*~*~tactically~*~*~ (stealth).
 25607 | D:15     | 25607 ||| FLEEEEING.
 25608 | D:15     | 25608 ||| FLEEEEING.
 25609 | D:15     | 25609 ||| FLEEEEING.
 25610 | D:15     | 25610 ||| FLEEEEING.
 25611 | D:15     | 25611 ||| FLEEEEING.
 25612 | D:15     | 25612 ||| FLEEEEING.
 25613 | D:15     | 25613 ||| FLEEEEING.
 25614 | D:15     | 25614 ||| FLEEEEING.
 25670 | D:15     | 25670 ||| INVOKING Berserk.
 25681 | D:15     | Killed a shadow dragon
 25914 | D:15     | 25914 ||| Stepping ~*~*~tactically~*~*~ (hiding).
 26028 | D:15     | 26028 ||| SWAPPING to +2 morningstar of protection.
 26029 | D:15     | 26029 ||| INVOKING Berserk.
 26044 | D:15     | 26044 ||| SWAPPING to +3 vampiric war axe.
 26238 | D:15     | Reached XP level 16. HP: 169/169 MP: 15/15
 26238 | D:15     | 26238 ||| Stepping ~*~*~tactically~*~*~ (stealth).
 26239 | D:15     | 26239 ||| Stepping ~*~*~tactically~*~*~ (stealth).
 26240 | D:15     | 26240 ||| INVOKING Berserk.
 26397 | D:15     | 26397 ||| INVOKING Berserk.
 26551 | D:15     | 26551 ||| INVOKING Trog's Hand.
 26559 | D:15     | 26559 ||| INVOKING Berserk.
 26728 | D:15     | 26728 ||| INVOKING Berserk.
 26750 | D:15     | 26750 ||| INVOKING Trog's Hand.
 26891 | D:15     | 26891 ||| INVOKING Trog's Hand.
 26892 | D:15     | 26892 ||| INVOKING Berserk.
 27041 | D:15     | 27041 ||| INVOKING Berserk.
 27154 | D:15     | 27154 ||| INVOKING Berserk.
 27270 | D:15     | 27270 ||| INVOKING Berserk.
 27395 | D:15     | Found a staircase to the Depths.
 27506 | D:15     | 27506 ||| UPGRADING to +3 pair of gauntlets of War
                  | {Slay+5}.
 27516 | D:15     | 27516 ||| DROPPING +1 pair of gloves.
 27517 | D:15     | 27517 ||| UPGRADING to +2 pair of boots.
 27527 | D:15     | 27527 ||| DROPPING +1 pair of boots of stealth.
 27528 | D:15     | 27528 ||| UPGRADING to +2 pair of boots of flying.
 27538 | D:15     | 27538 ||| DROPPING +2 pair of boots.
 27539 | D:15     | 27539 ||| DROPPING +6 ring of intelligence.
 27540 | D:15     | 27540 ||| DROPPING ring of resist corrosion.
 27541 | D:15     | 27541 ||| DROPPING ring of positive energy.
 27542 | D:15     | 27542 ||| DROPPING ring of willpower.
 27543 | D:15     | 27543 ||| READING 12 scrolls of identify.
 27543 | D:15     | 27543 ||| IDENTIFYING viscous brown potion
 27544 | D:15     | 27544 ||| DROPPING potion of invisibility.
 27578 | D:14     | 27578 ||| PLANNING ORC
 27686 | Orc:1    | Entered Level 1 of the Orcish Mines
 27754 | Orc:2    | Entered Level 2 of the Orcish Mines
 27781 | Orc:2    | 27781 ||| INVOKING Trog's Hand.
 27783 | Orc:2    | 27783 ||| INVOKING Berserk.
 27810 | Orc:2    | 27810 ||| INVOKING Trog's Hand.
 27823 | Orc:2    | 27823 ||| INVOKING Trog's Hand.
 27873 | Orc:2    | Found Qellesin's Magic Scroll Shop.
 27873 | Orc:2    | Found Omeqik's Jewellery Shoppe.
 27874 | Orc:2    | Found Borixuewn's Armour Emporium.
 27874 | Orc:2    | Found Bual's General Store.
 27881 | Orc:2    | 27881 ||| BUYING 3 scrolls of enchant weapon (337 gold).
 27881 | Orc:2    | Bought 3 scrolls of enchant weapon for 337 gold pieces
 27881 | Orc:2    | 27881 ||| BUYING scroll of enchant armour (112 gold).
 27881 | Orc:2    | Bought a scroll of enchant armour for 112 gold pieces
 27881 | Orc:2    | 27881 ||| BUYING scroll of teleportation (45 gold).
 27881 | Orc:2    | Bought a scroll of teleportation for 45 gold pieces
 27881 | Orc:2    | 27881 ||| BUYING scroll of teleportation (45 gold).
 27881 | Orc:2    | Bought a scroll of teleportation for 45 gold pieces
 27881 | Orc:2    | 27881 ||| READING 3 scrolls of enchant weapon.
 27881 | Orc:2    | 27881 ||| ENCHANTING +3 vampiric war axe.
 27882 | Orc:2    | 27882 ||| READING 2 scrolls of enchant weapon.
 27882 | Orc:2    | 27882 ||| ENCHANTING +4 vampiric war axe.
 27883 | Orc:2    | 27883 ||| READING scroll of enchant weapon.
 27883 | Orc:2    | 27883 ||| ENCHANTING +5 vampiric war axe.
 27884 | Orc:2    | 27884 ||| READING scroll of enchant armour.
 27884 | Orc:2    | 27884 ||| ENCHANTING +0 cloak.
 27887 | Orc:2    | 27887 ||| BUYING potion of heal wounds (55 gold).
 27887 | Orc:2    | Bought a potion of heal wounds for 55 gold pieces
 27888 | Orc:2    | 27888 ||| SHOPLISTING +6 ring of strength (612 gold, have
                  | 2).
 27888 | Orc:2    | 27888 ||| SHOPLISTING ring of Kihamamp {Fly rN+ Str+4} (630
                  | gold, have 2).
 27888 | Orc:2    | 27888 ||| SHOPLISTING ring of protection from fire (425
                  | gold, have 2).
 27916 | Orc:2    | Found a staircase to the Elven Halls.
 28325 | Orc:1    | 28325 ||| Stepping ~*~*~tactically~*~*~ (stealth).
 28327 | Orc:1    | 28327 ||| Stepping ~*~*~tactically~*~*~ (hiding).
 28387 | Orc:1    | Found Laes Jua's Distillery.
 28415 | Orc:1    | 28415 ||| BUYING 2 potions of heal wounds (120 gold).
 28415 | Orc:1    | Bought 2 potions of heal wounds for 120 gold pieces
 28415 | Orc:1    | 28415 ||| BUYING potion of curing (36 gold).
 28415 | Orc:1    | Bought a potion of curing for 36 gold pieces
 28415 | Orc:1    | 28415 ||| BUYING potion of might (48 gold).
 28415 | Orc:1    | Bought a potion of might for 48 gold pieces
 28415 | Orc:1    | 28415 ||| BUYING potion of mutation (96 gold).
 28415 | Orc:1    | Bought a potion of mutation for 96 gold pieces
 28542 | Orc:1    | 28542 ||| PLANNING SHOALS:1-3
 28706 | Shoals:1 | Entered Level 1 of the Shoals
 28758 | Shoals:1 | 28758 ||| Stepping ~*~*~tactically~*~*~ (stealth).
 28760 | Shoals:1 | Noticed Josephine
 28761 | Shoals:1 | 28761 ||| Stepping ~*~*~tactically~*~*~ (hiding).
 28762 | Shoals:1 | 28762 ||| Stepping ~*~*~tactically~*~*~ (hiding).
 28773 | Shoals:1 | Killed Josephine
 28779 | Shoals:1 | Reached skill level 18 in Fighting
 28816 | Shoals:1 | Noticed a kraken
 28828 | Shoals:1 | Killed a kraken
 28849 | Shoals:1 | 28849 ||| INVOKING Brothers in Arms.
 28854 | Shoals:1 | 28854 ||| INVOKING Berserk.
 28977 | Shoals:1 | 28977 ||| READING scroll of enchant armour.
 28977 | Shoals:1 | 28977 ||| ENCHANTING +1 cloak.
 29004 | Shoals:1 | 29004 ||| Stepping ~*~*~tactically~*~*~ (hiding).
 29005 | Shoals:1 | 29005 ||| Stepping ~*~*~tactically~*~*~ (hiding).
 29146 | Shoals:1 | 29146 ||| READING scroll of enchant armour.
 29146 | Shoals:1 | 29146 ||| ENCHANTING +4 plate armour of cold resistance.
 29183 | Shoals:1 | Noticed a kraken
 29190 | Shoals:1 | Killed a kraken
 29209 | Shoals:1 | Found a runed translucent door.
 29217 | Shoals:1 | 29217 ||| DROPPING +6 ring of dexterity.
 29218 | Shoals:1 | 29218 ||| DROPPING ring of ice.
 29219 | Shoals:1 | 29219 ||| READING 6 scrolls of teleportation.
 29322 | Shoals:1 | 29322 ||| INVOKING Berserk.
 29447 | Shoals:1 | 29447 ||| Stepping ~*~*~tactically~*~*~ (hiding).
 29527 | Shoals:1 | 29527 ||| INVOKING Berserk.
 29555 | Shoals:1 | 29555 ||| Stepping ~*~*~tactically~*~*~ (stealth).
 29556 | Shoals:1 | 29556 ||| INVOKING Brothers in Arms.
 29610 | Shoals:1 | 29610 ||| INVOKING Berserk.
 29617 | Shoals:1 | Noticed a kraken
 29627 | Shoals:1 | Killed a kraken
 29628 | Shoals:1 | Reached skill level 9 in Dodging
 29628 | Shoals:1 | Reached XP level 17. HP: 127/179 MP: 16/16
 29673 | Shoals:1 | Noticed a kraken
 29688 | Shoals:1 | Killed a kraken
 29745 | Shoals:1 | 29745 ||| DROPPING amulet of the acrobat.
 29746 | Shoals:1 | 29746 ||| READING 5 scrolls of teleportation.
 29770 | Shoals:1 | 29770 ||| INVOKING Brothers in Arms.
 29776 | Shoals:1 | 29776 ||| INVOKING Berserk.
 30158 | Shoals:1 | 30158 ||| READING 4 scrolls of teleportation.
 30336 | Shoals:1 | Received a gift from Trog
 30343 | Shoals:1 | 30343 ||| INVOKING Trog's Hand.
 30344 | Shoals:1 | 30344 ||| INVOKING Brothers in Arms.
 30349 | Shoals:1 | 30349 ||| INVOKING Berserk.
 30469 | Shoals:1 | 30469 ||| Stepping ~*~*~tactically~*~*~ (stealth).
 30821 | Shoals:2 | 30821 ||| INVOKING Berserk.
 30968 | Shoals:2 | Found a runed translucent door.
 30981 | Shoals:2 | 30981 ||| INVOKING Trog's Hand.
 30989 | Shoals:2 | Reached skill level 9 in Throwing
 31152 | Shoals:2 | 31152 ||| INVOKING Berserk.
 31333 | Shoals:2 | 31333 ||| INVOKING Trog's Hand.
 31339 | Shoals:2 | 31339 ||| INVOKING Berserk.
 31466 | Shoals:2 | 31466 ||| INVOKING Berserk.
 31477 | Shoals:2 | 31477 ||| INVOKING Trog's Hand.
 31483 | Shoals:2 | 31483 ||| INVOKING Trog's Hand.
 31610 | Shoals:2 | 31610 ||| INVOKING Trog's Hand.
 31614 | Shoals:2 | 31614 ||| INVOKING Berserk.
 32223 | Shoals:3 | Identified a scroll of acquirement
 32246 | Shoals:3 | 32246 ||| READING scroll of acquirement.
 32246 | Shoals:3 | 32246 ||| ACQUIRING 408 gold pieces
 32246 | Shoals:3 | Acquired 408 gold pieces
 32356 | Shoals:3 | Noticed Louise
 32357 | Shoals:3 | 32357 ||| INVOKING Trog's Hand.
 32372 | Shoals:3 | 32372 ||| INVOKING Trog's Hand.
 32380 | Shoals:3 | Noticed Donald
 32390 | Shoals:3 | 32390 ||| INVOKING Berserk.
 32400 | Shoals:3 | Killed Donald
 32412 | Shoals:3 | 32412 ||| INVOKING Trog's Hand.
 32429 | Shoals:3 | 32429 ||| INVOKING Trog's Hand.
 32433 | Shoals:3 | Killed Louise
 32541 | Shoals:3 | 32541 ||| DROPPING +2 morningstar of protection.
 32621 | Shoals:3 | 32621 ||| Stepping ~*~*~tactically~*~*~ (stealth).
 33206 | Shoals:3 | 33206 ||| PLANNING SPIDER:1-3
 33323 | Spider:1 | Entered Level 1 of the Spider Nest
 33327 | Spider:1 | 33327 ||| INVOKING Brothers in Arms.
 33331 | Spider:1 | Noticed Jorgrun
 33346 | Spider:1 | Killed Jorgrun
 33397 | Spider:1 | 33397 ||| READING scroll of enchant weapon.
 33397 | Spider:1 | 33397 ||| ENCHANTING +6 vampiric war axe.
 33409 | Spider:1 | 33409 ||| DRINKING 2 potions of resistance.
 33443 | Spider:1 | 33443 ||| Stepping ~*~*~tactically~*~*~ (stealth).
 33453 | Spider:1 | Reached skill level 18 in Armour
 33453 | Spider:1 | 33453 ||| DRINKING potion of resistance.
 33743 | Spider:1 | 33743 ||| Stepping ~*~*~tactically~*~*~ (stealth).
 33744 | Spider:1 | 33744 ||| Stepping ~*~*~tactically~*~*~ (stealth).
 33754 | Spider:1 | 33754 ||| Stepping ~*~*~tactically~*~*~ (stealth).
 33779 | Spider:1 | 33779 ||| INVOKING Berserk.
 33917 | Spider:1 | 33917 ||| INVOKING Berserk.
 33944 | Spider:1 | 33944 ||| DRINKING 17 potions of curing.
 33944 | Spider:1 | 33944 ||| (to cure confusion)
 33948 | Spider:1 | 33948 ||| DRINKING 16 potions of curing.
 33948 | Spider:1 | 33948 ||| (to cure confusion)
 33952 | Spider:1 | 33952 ||| INVOKING Brothers in Arms.
 33986 | Spider:1 | 33986 ||| Stepping ~*~*~tactically~*~*~ (stealth).
 33992 | Spider:1 | 33992 ||| INVOKING Brothers in Arms.
 33993 | Spider:1 | 33993 ||| INVOKING Brothers in Arms.
 33994 | Spider:1 | 33994 ||| INVOKING Brothers in Arms.
 34063 | Spider:1 | 34063 ||| Stepping ~*~*~tactically~*~*~ (stealth).
 34066 | Spider:1 | 34066 ||| INVOKING Berserk.
 34072 | Spider:1 | Reached XP level 18. HP: 193/193 MP: 12/17
 34131 | Spider:1 | 34131 ||| DROPPING +2 vorpal eveningstar.
 34151 | Spider:1 | 34151 ||| Stepping ~*~*~tactically~*~*~ (stealth).
 34192 | Spider:1 | 34192 ||| READING scroll of enchant armour.
 34192 | Spider:1 | 34192 ||| ENCHANTING +5 plate armour of cold resistance.
 34198 | Spider:1 | 34198 ||| Stepping ~*~*~tactically~*~*~ (stealth).
 34199 | Spider:1 | 34199 ||| Stepping ~*~*~tactically~*~*~ (stealth).
 34353 | Spider:1 | 34353 ||| Stepping ~*~*~tactically~*~*~ (stealth).
 34354 | Spider:1 | 34354 ||| Stepping ~*~*~tactically~*~*~ (stealth).
 34355 | Spider:1 | 34355 ||| Stepping ~*~*~tactically~*~*~ (stealth).
 34524 | Spider:1 | 34524 ||| Stepping ~*~*~tactically~*~*~ (stealth).
 34528 | Spider:1 | 34528 ||| Stepping ~*~*~tactically~*~*~ (stealth).
 34638 | Spider:1 | 34638 ||| Stepping ~*~*~tactically~*~*~ (stealth).
 34639 | Spider:1 | 34639 ||| Stepping ~*~*~tactically~*~*~ (stealth).
 34687 | Spider:1 | 34687 ||| Stepping ~*~*~tactically~*~*~ (stealth).
 34818 | Spider:1 | 34818 ||| Stepping ~*~*~tactically~*~*~ (stealth).
 34821 | Spider:1 | 34821 ||| Stepping ~*~*~tactically~*~*~ (hiding).
 34823 | Spider:1 | 34823 ||| INVOKING Brothers in Arms.
 34916 | Spider:1 | 34916 ||| Stepping ~*~*~tactically~*~*~ (stealth).
 34918 | Spider:1 | 34918 ||| Stepping ~*~*~tactically~*~*~ (hiding).
 34924 | Spider:1 | 34924 ||| INVOKING Berserk.
 35152 | Spider:1 | 35152 ||| DROPPING +1 plate armour of poison resistance.
 35224 | Spider:2 | 35224 ||| INVOKING Berserk.
 35336 | Spider:2 | 35336 ||| Stepping ~*~*~tactically~*~*~ (stealth).
 35358 | Spider:2 | 35358 ||| READING scroll of enchant armour.
 35358 | Spider:2 | 35358 ||| ENCHANTING +6 plate armour of cold resistance.
 35407 | Spider:2 | 35407 ||| Stepping ~*~*~tactically~*~*~ (stealth).
 35410 | Spider:2 | 35410 ||| INVOKING Brothers in Arms.
 35547 | Spider:2 | 35547 ||| Stepping ~*~*~tactically~*~*~ (stealth).
 35568 | Spider:2 | 35568 ||| Stepping ~*~*~tactically~*~*~ (hiding).
 35580 | Spider:2 | 35580 ||| Stepping ~*~*~tactically~*~*~ (stealth).
 35748 | Spider:2 | 35748 ||| Stepping ~*~*~tactically~*~*~ (stealth).
 35751 | Spider:2 | 35751 ||| Stepping ~*~*~tactically~*~*~ (stealth).
 35753 | Spider:2 | 35753 ||| Stepping ~*~*~tactically~*~*~ (stealth).
 35852 | Spider:2 | 35852 ||| INVOKING Brothers in Arms.
 35866 | Spider:2 | Identified the +8 shortbow of Dadded {vorpal, rElec Str+3
                  | Stlth+}
 36124 | Spider:2 | 36124 ||| FLEEEEING.
 36125 | Spider:2 | 36125 ||| FLEEEEING.
 36127 | Spider:2 | 36127 ||| FLEEEEING.
 36128 | Spider:2 | 36128 ||| FLEEEEING.
 36129 | Spider:2 | 36129 ||| FLEEEEING.
 36130 | Spider:2 | 36130 ||| FLEEEEING.
 36131 | Spider:2 | 36131 ||| FLEEEEING.
 36132 | Spider:2 | 36132 ||| FLEEEEING.
 36134 | Spider:2 | 36134 ||| FLEEEEING.
 36135 | Spider:2 | 36135 ||| FLEEEEING.
 36136 | Spider:2 | 36136 ||| FLEEEEING.
 36137 | Spider:2 | 36137 ||| FLEEEEING.
 36138 | Spider:2 | 36138 ||| FLEEEEING.
 36305 | Spider:3 | 36305 ||| INVOKING Brothers in Arms.
 36319 | Spider:3 | Noticed Asterion
 36320 | Spider:3 | 36320 ||| Stepping ~*~*~tactically~*~*~ (hiding).
 36322 | Spider:3 | 36322 ||| Stepping ~*~*~tactically~*~*~ (hiding).
 36325 | Spider:3 | 36325 ||| INVOKING Berserk.
 36339 | Spider:3 | Killed Asterion
 36340 | Spider:3 | Noticed Kirke
 36343 | Spider:3 | Killed Kirke
 36480 | Spider:3 | 36480 ||| READING scroll of enchant armour.
 36480 | Spider:3 | 36480 ||| ENCHANTING +7 plate armour of cold resistance.
 36524 | Spider:3 | 36524 ||| Stepping ~*~*~tactically~*~*~ (stealth).
 36525 | Spider:3 | 36525 ||| INVOKING Brothers in Arms.
 36526 | Spider:3 | 36526 ||| INVOKING Brothers in Arms.
 36527 | Spider:3 | 36527 ||| INVOKING Brothers in Arms.
 36592 | Spider:3 | 36592 ||| Stepping ~*~*~tactically~*~*~ (stealth).
 36602 | Spider:3 | 36602 ||| Stepping ~*~*~tactically~*~*~ (stealth).
 36617 | Spider:3 | 36617 ||| Stepping ~*~*~tactically~*~*~ (stealth).
 36623 | Spider:3 | 36623 ||| Stepping ~*~*~tactically~*~*~ (stealth).
 36624 | Spider:3 | 36624 ||| Stepping ~*~*~tactically~*~*~ (stealth).
 36629 | Spider:3 | 36629 ||| Stepping ~*~*~tactically~*~*~ (hiding).
 36651 | Spider:3 | 36651 ||| INVOKING Berserk.
 36808 | Spider:3 | 36808 ||| Stepping ~*~*~tactically~*~*~ (stealth).
 36812 | Spider:3 | 36812 ||| INVOKING Berserk.
 37056 | Spider:3 | 37056 ||| INVOKING Berserk.
 37217 | Spider:3 | Found the +3 robe of Clouds {*Thunder rCloud rElec}
 37278 | Spider:3 | 37278 ||| PLANNING SHOALS:4
 37454 | Shoals:4 | Entered Level 4 of the Shoals
 37455 | Shoals:4 | 37455 ||| STAIRDANCE
 37466 | Shoals:4 | 37466 ||| INVOKING Berserk.
 37488 | Shoals:4 | 37488 ||| INVOKING Trog's Hand.
 37532 | Shoals:4 | 37532 ||| Stepping ~*~*~tactically~*~*~ (stealth).
 37543 | Shoals:4 | 37543 ||| Stepping ~*~*~tactically~*~*~ (stealth).
 37544 | Shoals:4 | 37544 ||| Stepping ~*~*~tactically~*~*~ (stealth).
 37564 | Shoals:4 | 37564 ||| Stepping ~*~*~tactically~*~*~ (hiding).
 37576 | Shoals:4 | 37576 ||| INVOKING Berserk.
 37581 | Shoals:4 | Reached skill level 21 in Shields
 37714 | Shoals:4 | 37714 ||| READING scroll of acquirement.
 37714 | Shoals:4 | 37714 ||| ACQUIRING 1103 gold pieces
 37714 | Shoals:4 | Acquired 1103 gold pieces
 37720 | Shoals:4 | 37720 ||| Stepping ~*~*~tactically~*~*~ (hiding).
 37721 | Shoals:4 | 37721 ||| INVOKING Trog's Hand.
 37797 | Shoals:4 | 37797 ||| Stepping ~*~*~tactically~*~*~ (stealth).
 37835 | Shoals:4 | 37835 ||| READING scroll of enchant armour.
 37835 | Shoals:4 | 37835 ||| ENCHANTING +8 plate armour of cold resistance.
 37842 | Shoals:4 | 37842 ||| Stepping ~*~*~tactically~*~*~ (hiding).
 37866 | Shoals:4 | 37866 ||| Stepping ~*~*~tactically~*~*~ (hiding).
 37871 | Shoals:4 | 37871 ||| INVOKING Trog's Hand.
 37935 | Shoals:4 | 37935 ||| Stepping ~*~*~tactically~*~*~ (stealth).
 37937 | Shoals:4 | 37937 ||| Stepping ~*~*~tactically~*~*~ (hiding).
 37950 | Shoals:4 | 37950 ||| INVOKING Trog's Hand.
 37967 | Shoals:4 | 37967 ||| Stepping ~*~*~tactically~*~*~ (hiding).
 37969 | Shoals:4 | 37969 ||| Stepping ~*~*~tactically~*~*~ (hiding).
 37971 | Shoals:4 | 37971 ||| Stepping ~*~*~tactically~*~*~ (hiding).
 37972 | Shoals:4 | 37972 ||| Stepping ~*~*~tactically~*~*~ (hiding).
 37974 | Shoals:4 | 37974 ||| INVOKING Trog's Hand.
 37983 | Shoals:4 | 37983 ||| INVOKING Trog's Hand.
 38010 | Shoals:4 | 38010 ||| INVOKING Berserk.
 38015 | Shoals:4 | Reached skill level 21 in Fighting
 38029 | Shoals:4 | 38029 ||| INVOKING Trog's Hand.
 38030 | Shoals:4 | 38030 ||| INVOKING Brothers in Arms.
 38110 | Shoals:4 | 38110 ||| Stepping ~*~*~tactically~*~*~ (stealth).
 38113 | Shoals:4 | 38113 ||| FLEEEEING.
 38114 | Shoals:4 | 38114 ||| FLEEEEING.
 38115 | Shoals:4 | 38115 ||| FLEEEEING.
 38116 | Shoals:4 | 38116 ||| FLEEEEING.
 38117 | Shoals:4 | 38117 ||| FLEEEEING.
 38118 | Shoals:4 | 38118 ||| FLEEEEING.
 38119 | Shoals:4 | 38119 ||| FLEEEEING.
 38120 | Shoals:4 | 38120 ||| Stepping ~*~*~tactically~*~*~ (stealth).
 38121 | Shoals:4 | 38121 ||| Stepping ~*~*~tactically~*~*~ (stealth).
 38122 | Shoals:4 | 38122 ||| FLEEEEING.
 38123 | Shoals:4 | 38123 ||| FLEEEEING.
 38124 | Shoals:4 | 38124 ||| FLEEEEING.
 38125 | Shoals:4 | 38125 ||| Stepping ~*~*~tactically~*~*~ (hiding).
 38126 | Shoals:4 | 38126 ||| FLEEEEING.
 38127 | Shoals:4 | 38127 ||| INVOKING Trog's Hand.
 38261 | Shoals:4 | 38261 ||| Stepping ~*~*~tactically~*~*~ (hiding).
 38263 | Shoals:4 | 38263 ||| Stepping ~*~*~tactically~*~*~ (hiding).
 38266 | Shoals:4 | 38266 ||| Stepping ~*~*~tactically~*~*~ (stealth).
 38278 | Shoals:4 | 38278 ||| Stepping ~*~*~tactically~*~*~ (hiding).
 38300 | Shoals:4 | 38300 ||| INVOKING Trog's Hand.
 38303 | Shoals:4 | 38303 ||| INVOKING Berserk.
 38310 | Shoals:4 | Reached XP level 19. HP: 207/207 MP: 18/18
 38323 | Shoals:4 | Reached skill level 12 in Throwing
 38332 | Shoals:4 | 38332 ||| INVOKING Trog's Hand.
 38336 | Shoals:4 | 38336 ||| INVOKING Trog's Hand.
 38486 | Shoals:4 | Got a barnacled rune of Zot
 38531 | Shoals:4 | 38531 ||| Stepping ~*~*~tactically~*~*~ (stealth).
 38532 | Shoals:4 | 38532 ||| Stepping ~*~*~tactically~*~*~ (stealth).
 38533 | Shoals:4 | 38533 ||| Stepping ~*~*~tactically~*~*~ (stealth).
 38680 | Shoals:4 | 38680 ||| PLANNING VAULTS:1-4
 38680 | Shoals:4 | 38680 ||| UPGRADING to ring of poison resistance.
 38957 | Vaults:1 | Entered Level 1 of the Vaults
 39013 | Vaults:1 | 39013 ||| Stepping ~*~*~tactically~*~*~ (hiding).
 39016 | Vaults:1 | 39016 ||| Stepping ~*~*~tactically~*~*~ (stealth).
 39017 | Vaults:1 | 39017 ||| INVOKING Trog's Hand.
 39026 | Vaults:1 | 39026 ||| Stepping ~*~*~tactically~*~*~ (stealth).
 39082 | Vaults:1 | 39082 ||| INVOKING Berserk.
 39139 | Vaults:1 | 39139 ||| Stepping ~*~*~tactically~*~*~ (stealth).
 39140 | Vaults:1 | 39140 ||| Stepping ~*~*~tactically~*~*~ (stealth).
 39153 | Vaults:1 | 39153 ||| Stepping ~*~*~tactically~*~*~ (hiding).
 39160 | Vaults:1 | 39160 ||| INVOKING Trog's Hand.
 39162 | Vaults:1 | 39162 ||| Stepping ~*~*~tactically~*~*~ (hiding).
 39207 | Vaults:1 | 39207 ||| Stepping ~*~*~tactically~*~*~ (stealth).
 39210 | Vaults:1 | 39210 ||| Stepping ~*~*~tactically~*~*~ (hiding).
 39218 | Vaults:1 | 39218 ||| INVOKING Trog's Hand.
 39506 | Vaults:1 | 39506 ||| Stepping ~*~*~tactically~*~*~ (stealth).
 39507 | Vaults:1 | 39507 ||| Stepping ~*~*~tactically~*~*~ (stealth).
 39532 | Vaults:1 | 39532 ||| INVOKING Trog's Hand.
 39597 | Vaults:1 | 39597 ||| READING 4 scrolls of teleportation.
 39645 | Vaults:1 | 39645 ||| INVOKING Trog's Hand.
 39688 | Vaults:1 | 39688 ||| INVOKING Trog's Hand.
 39734 | Vaults:1 | 39734 ||| Stepping ~*~*~tactically~*~*~ (stealth).
 39735 | Vaults:1 | 39735 ||| Stepping ~*~*~tactically~*~*~ (stealth).
 39905 | Vaults:1 | Found a huge runed gate.
 39905 | Vaults:1 | Found a huge runed gate.
 39905 | Vaults:1 | Found a huge runed gate.
 39910 | Vaults:1 | Found a huge runed gate.
 39912 | Vaults:1 | Found a huge runed gate.
 39913 | Vaults:1 | Found a huge runed gate.
 39913 | Vaults:1 | Found a huge runed gate.
 39913 | Vaults:1 | Found a huge runed gate.
 39914 | Vaults:1 | Found a huge runed gate.
 39914 | Vaults:1 | Found a huge runed gate.
 39960 | Vaults:1 | 39960 ||| READING scroll of enchant armour.
 39960 | Vaults:1 | 39960 ||| ENCHANTING +9 plate armour of cold resistance.
 39966 | Vaults:1 | 39966 ||| INVOKING Trog's Hand.
 40019 | Vaults:1 | Found a huge runed gate.
 40019 | Vaults:1 | Found a huge runed gate.
 40019 | Vaults:1 | Found a huge runed gate.
 40019 | Vaults:1 | Found a huge runed gate.
 40019 | Vaults:1 | Found a huge runed gate.
 40019 | Vaults:1 | Found a huge runed gate.
 40020 | Vaults:1 | Found a huge runed gate.
 40025 | Vaults:1 | 40025 ||| Stepping ~*~*~tactically~*~*~ (hiding).
 40216 | Vaults:1 | 40216 ||| Stepping ~*~*~tactically~*~*~ (stealth).
 40218 | Vaults:1 | 40218 ||| Stepping ~*~*~tactically~*~*~ (hiding).
 40315 | Vaults:1 | 40315 ||| Stepping ~*~*~tactically~*~*~ (stealth).
 40363 | Vaults:1 | 40363 ||| Stepping ~*~*~tactically~*~*~ (stealth).
 40364 | Vaults:1 | 40364 ||| Stepping ~*~*~tactically~*~*~ (stealth).
 40456 | Vaults:1 | 40456 ||| Stepping ~*~*~tactically~*~*~ (hiding).
 40664 | Vaults:1 | Found a huge runed gate.
 40664 | Vaults:1 | Found a huge runed gate.
 40664 | Vaults:1 | Found a huge runed gate.
 40664 | Vaults:1 | Found a huge runed gate.
 40664 | Vaults:1 | Found a huge runed gate.
 40664 | Vaults:1 | Found a huge runed gate.
 40665 | Vaults:1 | Found a huge runed gate.
 40666 | Vaults:1 | Found a huge runed gate.
 40667 | Vaults:1 | Found a huge runed gate.
 40676 | Vaults:1 | Found a huge runed gate.
 40676 | Vaults:1 | Found a huge runed gate.
 40676 | Vaults:1 | Found a huge runed gate.
 40676 | Vaults:1 | Found a huge runed gate.
 40676 | Vaults:1 | Found a huge runed gate.
 40676 | Vaults:1 | Found a huge runed gate.
 40677 | Vaults:1 | Found a huge runed gate.
 40678 | Vaults:1 | Found a huge runed gate.
 40679 | Vaults:1 | Found a huge runed gate.
 40687 | Vaults:1 | Found a huge runed gate.
 40742 | Vaults:2 | 40742 ||| INVOKING Berserk.
 40789 | Vaults:2 | 40789 ||| FLEEEEING.
 40791 | Vaults:2 | 40791 ||| STAIRDANCE
 40961 | Vaults:2 | 40961 ||| Stepping ~*~*~tactically~*~*~ (hiding).
 40962 | Vaults:2 | 40962 ||| INVOKING Brothers in Arms.
 40963 | Vaults:2 | 40963 ||| INVOKING Berserk.
 40967 | Vaults:2 | Reached skill level 21 in Armour
 41073 | Vaults:2 | Found Azomics's Antique Armour Shoppe.
 41087 | Vaults:2 | Found Doaj's Magic Scroll Shoppe.
 41088 | Vaults:2 | 41088 ||| Stepping ~*~*~tactically~*~*~ (stealth).
 41112 | Vaults:2 | 41112 ||| BUYING scroll of enchant armour (142 gold).
 41112 | Vaults:2 | Bought a scroll of enchant armour for 142 gold pieces
 41112 | Vaults:2 | 41112 ||| BUYING scroll of enchant weapon (142 gold).
 41112 | Vaults:2 | Bought a scroll of enchant weapon for 142 gold pieces
 41112 | Vaults:2 | 41112 ||| READING scroll of enchant weapon.
 41112 | Vaults:2 | 41112 ||| ENCHANTING +7 vampiric war axe.
 41120 | Vaults:2 | 41120 ||| Stepping ~*~*~tactically~*~*~ (stealth).
 41131 | Vaults:2 | 41131 ||| Stepping ~*~*~tactically~*~*~ (hiding).
 41147 | Vaults:2 | 41147 ||| FLEEEEING.
 41148 | Vaults:2 | 41148 ||| FLEEEEING.
 41156 | Vaults:2 | 41156 ||| FLEEEEING.
 41157 | Vaults:2 | 41157 ||| FLEEEEING.
 41158 | Vaults:2 | 41158 ||| FLEEEEING.
 41159 | Vaults:2 | 41159 ||| FLEEEEING.
 41160 | Vaults:2 | 41160 ||| FLEEEEING.
 41161 | Vaults:2 | 41161 ||| FLEEEEING.
 41163 | Vaults:2 | 41163 ||| FLEEEEING.
 41164 | Vaults:2 | 41164 ||| STAIRDANCE
 41292 | Vaults:2 | 41292 ||| STAIRDANCE
 41494 | Vaults:2 | 41494 ||| INVOKING Brothers in Arms.
 41498 | Vaults:2 | 41498 ||| INVOKING Berserk.
 41683 | Vaults:2 | 41683 ||| INVOKING Brothers in Arms.
 41686 | Vaults:2 | 41686 ||| INVOKING Berserk.
 41824 | Vaults:2 | 41824 ||| Stepping ~*~*~tactically~*~*~ (stealth).
 41825 | Vaults:2 | 41825 ||| Stepping ~*~*~tactically~*~*~ (stealth).
 41892 | Vaults:2 | 41892 ||| Stepping ~*~*~tactically~*~*~ (hiding).
 41901 | Vaults:2 | 41901 ||| INVOKING Brothers in Arms.
 41902 | Vaults:2 | 41902 ||| INVOKING Berserk.
 41907 | Vaults:2 | Reached XP level 20. HP: 220/220 MP: 19/19
 42121 | Vaults:2 | 42121 ||| Stepping ~*~*~tactically~*~*~ (stealth).
 42123 | Vaults:2 | 42123 ||| Stepping ~*~*~tactically~*~*~ (stealth).
 42125 | Vaults:2 | 42125 ||| Stepping ~*~*~tactically~*~*~ (stealth).
 42129 | Vaults:2 | 42129 ||| Stepping ~*~*~tactically~*~*~ (hiding).
 42133 | Vaults:2 | 42133 ||| INVOKING Trog's Hand.
 42159 | Vaults:2 | 42159 ||| INVOKING Trog's Hand.
 42160 | Vaults:2 | 42160 ||| INVOKING Brothers in Arms.
 42161 | Vaults:2 | 42161 ||| INVOKING Berserk.
 42423 | Vaults:2 | 42423 ||| INVOKING Berserk.
 42511 | Vaults:2 | Found a radiant altar of Vehumet.
 42666 | Vaults:2 | Found Equngem's Distillery.
 42672 | Vaults:2 | 42672 ||| Stepping ~*~*~tactically~*~*~ (stealth).
 42673 | Vaults:2 | 42673 ||| Stepping ~*~*~tactically~*~*~ (stealth).
 42675 | Vaults:2 | 42675 ||| Stepping ~*~*~tactically~*~*~ (hiding).
 42683 | Vaults:2 | 42683 ||| Stepping ~*~*~tactically~*~*~ (stealth).
 42684 | Vaults:2 | 42684 ||| Stepping ~*~*~tactically~*~*~ (stealth).
 42689 | Vaults:2 | 42689 ||| Stepping ~*~*~tactically~*~*~ (stealth).
 42708 | Vaults:2 | 42708 ||| BUYING 2 potions of curing (108 gold).
 42708 | Vaults:2 | Bought 2 potions of curing for 108 gold pieces
 42708 | Vaults:2 | 42708 ||| BUYING potion of curing (54 gold).
 42708 | Vaults:2 | Bought a potion of curing for 54 gold pieces
 42708 | Vaults:2 | 42708 ||| BUYING potion of heal wounds (90 gold).
 42708 | Vaults:2 | Bought a potion of heal wounds for 90 gold pieces
 42708 | Vaults:2 | 42708 ||| BUYING potion of might (72 gold).
 42708 | Vaults:2 | Bought a potion of might for 72 gold pieces
 42708 | Vaults:2 | 42708 ||| BUYING potion of mutation (144 gold).
 42708 | Vaults:2 | Bought a potion of mutation for 144 gold pieces
 42708 | Vaults:2 | 42708 ||| BUYING potion of mutation (144 gold).
 42708 | Vaults:2 | Bought a potion of mutation for 144 gold pieces
 42753 | Vaults:2 | 42753 ||| Stepping ~*~*~tactically~*~*~ (hiding).
 42923 | Vaults:2 | 42923 ||| Stepping ~*~*~tactically~*~*~ (stealth).
 42976 | Vaults:2 | Found a runed translucent gate.
 42976 | Vaults:2 | Found a runed translucent gate.
 42976 | Vaults:2 | Found a runed translucent gate.
 42982 | Vaults:2 | Noticed Vatovie's ghost (veteran MiFi)
 42987 | Vaults:2 | 42987 ||| UPGRADING to +2 hat of intelligence.
 42997 | Vaults:2 | 42997 ||| DROPPING +2 hat.
 42998 | Vaults:2 | 42998 ||| DROPPING +2 hat.
 42999 | Vaults:2 | 42999 ||| DROPPING +2 hat.
 43000 | Vaults:2 | 43000 ||| DROPPING +1 hat.
 43001 | Vaults:2 | 43001 ||| DROPPING +0 hat of willpower.
 43002 | Vaults:2 | 43002 ||| DROPPING +0 hat of willpower.
 43043 | Vaults:3 | 43043 ||| PLANNING BAZAAR
 43091 | Vaults:3 | 43091 ||| READING scroll of enchant weapon.
 43091 | Vaults:3 | 43091 ||| ENCHANTING +8 vampiric war axe.
 43203 | Vaults:3 | 43203 ||| Stepping ~*~*~tactically~*~*~ (hiding).
 43206 | Vaults:3 | 43206 ||| INVOKING Trog's Hand.
 43225 | Vaults:3 | Received a gift from Trog
 43274 | Vaults:3 | 43274 ||| DRINKING 19 potions of curing.
 43274 | Vaults:3 | 43274 ||| (to cure confusion)
 43275 | Vaults:3 | 43275 ||| DRINKING 18 potions of curing.
 43275 | Vaults:3 | 43275 ||| (to cure confusion)
 43392 | Vaults:3 | Found a portal to a secret trove of treasure.
 43428 | Vaults:3 | 43428 ||| INVOKING Trog's Hand.
 43441 | Vaults:3 | 43441 ||| FLEEEEING.
 43442 | Vaults:3 | 43442 ||| FLEEEEING.
 43448 | Vaults:3 | 43448 ||| FLEEEEING.
 43449 | Vaults:3 | 43449 ||| FLEEEEING.
 43450 | Vaults:3 | 43450 ||| FLEEEEING.
 43461 | Vaults:3 | 43461 ||| FLEEEEING.
 43462 | Vaults:3 | 43462 ||| FLEEEEING.
 43463 | Vaults:3 | 43463 ||| FLEEEEING.
 43464 | Vaults:3 | 43464 ||| FLEEEEING.
 43468 | Vaults:3 | 43468 ||| FLEEEEING.
 43469 | Vaults:3 | 43469 ||| FLEEEEING.
 43470 | Vaults:3 | 43470 ||| FLEEEEING.
 43471 | Vaults:3 | 43471 ||| FLEEEEING.
 43472 | Vaults:3 | 43472 ||| FLEEEEING.
 43476 | Vaults:3 | 43476 ||| STAIRDANCE
 43658 | Vaults:3 | 43658 ||| Stepping ~*~*~tactically~*~*~ (hiding).
 43667 | Vaults:3 | 43667 ||| INVOKING Brothers in Arms.
 43668 | Vaults:3 | 43668 ||| INVOKING Brothers in Arms.
 43671 | Vaults:3 | 43671 ||| INVOKING Berserk.
 43705 | Vaults:3 | 43705 ||| INVOKING Brothers in Arms.
 43783 | Vaults:3 | 43783 ||| Stepping ~*~*~tactically~*~*~ (stealth).
 43788 | Vaults:3 | 43788 ||| Stepping ~*~*~tactically~*~*~ (stealth).
 43810 | Vaults:3 | 43810 ||| Stepping ~*~*~tactically~*~*~ (stealth).
 43817 | Vaults:3 | 43817 ||| Stepping ~*~*~tactically~*~*~ (stealth).
 43819 | Vaults:3 | 43819 ||| Stepping ~*~*~tactically~*~*~ (hiding).
 43820 | Vaults:3 | 43820 ||| INVOKING Trog's Hand.
 43932 | Vaults:3 | 43932 ||| Stepping ~*~*~tactically~*~*~ (hiding).
 43936 | Vaults:3 | 43936 ||| INVOKING Trog's Hand.
 43956 | Vaults:3 | 43956 ||| RIP BAZAAR
 43960 | Vaults:3 | 43960 ||| PLANNING VAULTS:1-4
 43972 | Vaults:3 | 43972 ||| Stepping ~*~*~tactically~*~*~ (stealth).
 43978 | Vaults:3 | 43978 ||| Stepping ~*~*~tactically~*~*~ (stealth).
 43988 | Vaults:3 | 43988 ||| Stepping ~*~*~tactically~*~*~ (stealth).
 43998 | Vaults:3 | Reached skill level 12 in Dodging
 44254 | Vaults:3 | 44254 ||| INVOKING Trog's Hand.
 44315 | Vaults:3 | 44315 ||| Stepping ~*~*~tactically~*~*~ (stealth).
 44336 | Vaults:3 | 44336 ||| Stepping ~*~*~tactically~*~*~ (stealth).
 44458 | Vaults:3 | 44458 ||| Stepping ~*~*~tactically~*~*~ (hiding).
 44459 | Vaults:3 | 44459 ||| Stepping ~*~*~tactically~*~*~ (hiding).
 44472 | Vaults:3 | 44472 ||| Stepping ~*~*~tactically~*~*~ (hiding).
 44874 | Vaults:3 | Found a staircase to the Crypt.
 44901 | Vaults:3 | 44901 ||| FLEEEEING.
 44903 | Vaults:3 | 44903 ||| FLEEEEING.
 44904 | Vaults:3 | 44904 ||| FLEEEEING.
 44905 | Vaults:3 | 44905 ||| FLEEEEING.
 44906 | Vaults:3 | 44906 ||| FLEEEEING.
 44907 | Vaults:3 | 44907 ||| FLEEEEING.
 44908 | Vaults:3 | 44908 ||| FLEEEEING.
 44909 | Vaults:3 | 44909 ||| FLEEEEING.
 44910 | Vaults:3 | 44910 ||| FLEEEEING.
 44911 | Vaults:3 | 44911 ||| FLEEEEING.
 44913 | Vaults:3 | 44913 ||| FLEEEEING.
 44914 | Vaults:3 | 44914 ||| FLEEEEING.
 44915 | Vaults:3 | 44915 ||| FLEEEEING.
 44916 | Vaults:3 | 44916 ||| FLEEEEING.
 44917 | Vaults:3 | 44917 ||| FLEEEEING.
 44918 | Vaults:3 | 44918 ||| FLEEEEING.
 44921 | Vaults:3 | 44921 ||| FLEEEEING.
 44922 | Vaults:3 | 44922 ||| FLEEEEING.
 44923 | Vaults:3 | 44923 ||| FLEEEEING.
 44924 | Vaults:3 | 44924 ||| FLEEEEING.
 44925 | Vaults:3 | 44925 ||| FLEEEEING.
 44927 | Vaults:3 | 44927 ||| FLEEEEING.
 44928 | Vaults:3 | 44928 ||| FLEEEEING.
 44929 | Vaults:3 | 44929 ||| FLEEEEING.
 44930 | Vaults:3 | 44930 ||| FLEEEEING.
 44931 | Vaults:3 | 44931 ||| FLEEEEING.
 44932 | Vaults:3 | 44932 ||| FLEEEEING.
 44933 | Vaults:3 | 44933 ||| FLEEEEING.
 44935 | Vaults:3 | 44935 ||| FLEEEEING.
 44936 | Vaults:3 | 44936 ||| FLEEEEING.
 45377 | Vaults:4 | Received a gift from Trog
 45429 | Vaults:4 | 45429 ||| INVOKING Trog's Hand.
 45439 | Vaults:4 | 45439 ||| Stepping ~*~*~tactically~*~*~ (hiding).
 45441 | Vaults:4 | 45441 ||| Stepping ~*~*~tactically~*~*~ (hiding).
 45483 | Vaults:4 | 45483 ||| Stepping ~*~*~tactically~*~*~ (stealth).
 45484 | Vaults:4 | 45484 ||| INVOKING Trog's Hand.
 45485 | Vaults:4 | 45485 ||| INVOKING Berserk.
 45532 | Vaults:4 | 45532 ||| FLEEEEING.
 45638 | Vaults:4 | 45638 ||| Stepping ~*~*~tactically~*~*~ (hiding).
 45639 | Vaults:4 | Noticed Mennas
 45640 | Vaults:4 | 45640 ||| INVOKING Brothers in Arms.
 45643 | Vaults:4 | Reached XP level 21. HP: 221/232 MP: 20/20
 45643 | Vaults:4 | 45643 ||| DRINKING 17 potions of curing.
 45643 | Vaults:4 | 45643 ||| (to cure confusion)
 45644 | Vaults:4 | 45644 ||| INVOKING Berserk.
 45659 | Vaults:4 | Killed Mennas
 45889 | Vaults:4 | Identified the +3 glaive "Pegymy" {holy, rN+ Int+4 SInv}
 45961 | Vaults:4 | 45961 ||| Stepping ~*~*~tactically~*~*~ (hiding).
 45963 | Vaults:4 | 45963 ||| Stepping ~*~*~tactically~*~*~ (hiding).
 45975 | Vaults:4 | 45975 ||| Stepping ~*~*~tactically~*~*~ (stealth).
 45977 | Vaults:4 | 45977 ||| Stepping ~*~*~tactically~*~*~ (hiding).
 45983 | Vaults:4 | Reached skill level 18 in Axes
 46193 | Vaults:4 | Noticed Mara
 46194 | Vaults:4 | 46194 ||| Stepping ~*~*~tactically~*~*~ (hiding).
 46195 | Vaults:4 | 46195 ||| INVOKING Brothers in Arms.
 46196 | Vaults:4 | 46196 ||| INVOKING Berserk.
 46209 | Vaults:4 | Killed Mara
 46275 | Vaults:4 | 46275 ||| Stepping ~*~*~tactically~*~*~ (hiding).
 46277 | Vaults:4 | 46277 ||| INVOKING Trog's Hand.
 46287 | Vaults:4 | 46287 ||| Stepping ~*~*~tactically~*~*~ (hiding).
 46305 | Vaults:4 | 46305 ||| INVOKING Trog's Hand.
 46533 | Vaults:4 | Noticed Boris
 46534 | Vaults:4 | 46534 ||| Stepping ~*~*~tactically~*~*~ (hiding).
 46536 | Vaults:4 | 46536 ||| Stepping ~*~*~tactically~*~*~ (hiding).
 46538 | Vaults:4 | 46538 ||| Stepping ~*~*~tactically~*~*~ (hiding).
 46542 | Vaults:4 | 46542 ||| INVOKING Berserk.
 46550 | Vaults:4 | Killed Boris
 46720 | Vaults:4 | Found Hugaj's Armour Shoppe.
 46764 | Vaults:4 | 46764 ||| Stepping ~*~*~tactically~*~*~ (stealth).
 46765 | Vaults:4 | 46765 ||| Stepping ~*~*~tactically~*~*~ (stealth).
 46766 | Vaults:4 | 46766 ||| INVOKING Trog's Hand.
 46819 | Vaults:4 | 46819 ||| Stepping ~*~*~tactically~*~*~ (stealth).
 46821 | Vaults:4 | 46821 ||| Stepping ~*~*~tactically~*~*~ (stealth).
 46829 | Vaults:4 | 46829 ||| INVOKING Trog's Hand.
 46833 | Vaults:4 | Reached skill level 24 in Fighting
 47035 | Vaults:5 | Entered Level 5 of the Vaults
 47037 | Vaults:5 | 47037 ||| STAIRDANCE
 47058 | Vaults:5 | 47058 ||| STAIRDANCE
 47058 | Vaults:5 | Noticed Boris
 47074 | Vaults:5 | 47074 ||| STAIRDANCE
 47089 | Vaults:5 | 47089 ||| STAIRDANCE
 47111 | Vaults:5 | 47111 ||| STAIRDANCE
 47113 | Vaults:4 | 47113 ||| INVOKING Brothers in Arms.
 47114 | Vaults:4 | 47114 ||| INVOKING Berserk.
 47224 | Vaults:5 | 47224 ||| STAIRDANCE
 47236 | Vaults:5 | 47236 ||| STAIRDANCE
 47354 | Vaults:5 | Noticed a golden dragon
 47355 | Vaults:5 | 47355 ||| INVOKING Trog's Hand.
 47356 | Vaults:5 | 47356 ||| INVOKING Berserk.
 47367 | Vaults:5 | Noticed an ancient lich
 47369 | Vaults:5 | Killed Boris
 47374 | Vaults:5 | Killed a golden dragon
 47390 | Vaults:5 | 47390 ||| INVOKING Trog's Hand.
 47390 | Vaults:5 | Killed an ancient lich
 47395 | Vaults:5 | 47395 ||| INVOKING Brothers in Arms.
 47399 | Vaults:5 | HP: 49/231 [titan/the air (10)]
 47400 | Vaults:5 | 47400 ||| READING 8 scrolls of teleportation.
 47400 | Vaults:5 | HP: 20/231 [tengu reaver/+0 bardiche of flaming (9)]
 47401 | Vaults:5 | 47401 ||| DRINKING 10 potions of heal wounds.
 47405 | Vaults:5 | HP: 41/231 [poisoned by an ogre mage]
 47410 | Vaults:5 | HP: 40/231 [poisoned by an ogre mage]
 47503 | Vaults:5 | 47503 ||| Invisible monster not found???
 47698 | Vaults:5 | 47698 ||| INVOKING Berserk.
 47716 | Vaults:5 | 47716 ||| Stepping ~*~*~tactically~*~*~ (stealth).
 47722 | Vaults:5 | 47722 ||| INVOKING Trog's Hand.
 47754 | Vaults:5 | 47754 ||| INVOKING Berserk.
 47777 | Vaults:5 | 47777 ||| Stepping ~*~*~tactically~*~*~ (stealth).
 47801 | Vaults:5 | 47801 ||| Stepping ~*~*~tactically~*~*~ (stealth).
 47846 | Vaults:5 | 47846 ||| Stepping ~*~*~tactically~*~*~ (stealth).
 47855 | Vaults:5 | 47855 ||| Stepping ~*~*~tactically~*~*~ (stealth).
 47856 | Vaults:5 | 47856 ||| Stepping ~*~*~tactically~*~*~ (stealth).
 47861 | Vaults:5 | 47861 ||| Stepping ~*~*~tactically~*~*~ (stealth).
 47863 | Vaults:5 | 47863 ||| Stepping ~*~*~tactically~*~*~ (stealth).
 47877 | Vaults:5 | 47877 ||| INVOKING Berserk.
 47897 | Vaults:5 | 47897 ||| INVOKING Brothers in Arms.
 47944 | Vaults:5 | 47944 ||| INVOKING Berserk.
 47956 | Vaults:5 | 47956 ||| INVOKING Trog's Hand.
 48035 | Vaults:5 | 48035 ||| Stepping ~*~*~tactically~*~*~ (stealth).
 48037 | Vaults:5 | 48037 ||| Stepping ~*~*~tactically~*~*~ (hiding).
 48066 | Vaults:5 | Noticed a dread lich
 48068 | Vaults:5 | 48068 ||| INVOKING Trog's Hand.
 48069 | Vaults:5 | 48069 ||| INVOKING Brothers in Arms.
 48073 | Vaults:5 | 48073 ||| INVOKING Berserk.
 48082 | Vaults:5 | Killed a dread lich
 48087 | Vaults:5 | Reached XP level 22. HP: 242/242 MP: 21/21
 48111 | Vaults:5 | 48111 ||| Stepping ~*~*~tactically~*~*~ (stealth).
 48250 | Vaults:5 | 48250 ||| Stepping ~*~*~tactically~*~*~ (stealth).
 48254 | Vaults:5 | 48254 ||| Stepping ~*~*~tactically~*~*~ (stealth).
 48256 | Vaults:5 | 48256 ||| Stepping ~*~*~tactically~*~*~ (hiding).
 48259 | Vaults:5 | 48259 ||| INVOKING Berserk.
 48269 | Vaults:5 | 48269 ||| INVOKING Trog's Hand.
 48285 | Vaults:5 | 48285 ||| INVOKING Trog's Hand.
 48287 | Vaults:5 | 48287 ||| Stepping ~*~*~tactically~*~*~ (hiding).
 48308 | Vaults:5 | 48308 ||| Stepping ~*~*~tactically~*~*~ (hiding).
 48326 | Vaults:5 | 48326 ||| INVOKING Berserk.
 48363 | Vaults:5 | Received a gift from Trog
 48513 | Vaults:5 | 48513 ||| INVOKING Brothers in Arms.
 48516 | Vaults:5 | 48516 ||| INVOKING Berserk.
 48726 | Vaults:5 | 48726 ||| INVOKING Berserk.
 48961 | Vaults:5 | 48961 ||| READING scroll of acquirement.
 48961 | Vaults:5 | 48961 ||| ACQUIRING ring of Guaqaram {rPois rC+}
 48961 | Vaults:5 | Acquired the ring of Guaqaram {rPois rC+}
 48963 | Vaults:5 | 48963 ||| DROPPING ring of poison resistance.
 49024 | Vaults:5 | 49024 ||| Stepping ~*~*~tactically~*~*~ (hiding).
 49026 | Vaults:5 | 49026 ||| INVOKING Berserk.
 49206 | Vaults:5 | 49206 ||| INVOKING Trog's Hand.
 49209 | Vaults:5 | 49209 ||| INVOKING Berserk.
 49327 | Vaults:5 | Identified the +1 scale mail of Tomorrow {rF+ rN+ rCorr
                  | Dex+3}
 49331 | Vaults:5 | 49331 ||| Stepping ~*~*~tactically~*~*~ (hiding).
 49333 | Vaults:5 | 49333 ||| INVOKING Trog's Hand.
 49334 | Vaults:5 | 49334 ||| INVOKING Berserk.
 49463 | Vaults:5 | 49463 ||| Stepping ~*~*~tactically~*~*~ (stealth).
 49464 | Vaults:5 | 49464 ||| Stepping ~*~*~tactically~*~*~ (stealth).
 49473 | Vaults:5 | 49473 ||| INVOKING Berserk.
 49524 | Vaults:5 | 49524 ||| Stepping ~*~*~tactically~*~*~ (stealth).
 49548 | Vaults:5 | 49548 ||| Stepping ~*~*~tactically~*~*~ (hiding).
 49582 | Vaults:5 | 49582 ||| Stepping ~*~*~tactically~*~*~ (stealth).
 49585 | Vaults:5 | Noticed Margery
 49589 | Vaults:5 | 49589 ||| INVOKING Berserk.
 49593 | Vaults:5 | Killed Margery
 49668 | Vaults:5 | 49668 ||| Stepping ~*~*~tactically~*~*~ (stealth).
 49669 | Vaults:5 | 49669 ||| Stepping ~*~*~tactically~*~*~ (stealth).
 49670 | Vaults:5 | 49670 ||| INVOKING Berserk.
 49875 | Vaults:5 | Got a silver rune of Zot
 49964 | Vaults:5 | 49964 ||| INVOKING Berserk.
 50077 | Vaults:5 | 50077 ||| Stepping ~*~*~tactically~*~*~ (hiding).
 50424 | Vaults:5 | Identified the ring of Equivalence {+Blink Dex+6}
 50425 | Vaults:5 | 50425 ||| Stepping ~*~*~tactically~*~*~ (hiding).
 50658 | Vaults:5 | 50658 ||| UPGRADING to ring of Guaqaram {rPois rC+}.
 50794 | Vaults:4 | 50794 ||| PLANNING SPIDER:4
 51119 | Spider:4 | Entered Level 4 of the Spider Nest
 51133 | Spider:4 | 51133 ||| Stepping ~*~*~tactically~*~*~ (hiding).
 51516 | Spider:4 | 51516 ||| Stepping ~*~*~tactically~*~*~ (hiding).
 51530 | Spider:4 | 51530 ||| Stepping ~*~*~tactically~*~*~ (stealth).
 51550 | Spider:4 | 51550 ||| Stepping ~*~*~tactically~*~*~ (stealth).
 51571 | Spider:4 | 51571 ||| Stepping ~*~*~tactically~*~*~ (stealth).
 51627 | Spider:4 | 51627 ||| Stepping ~*~*~tactically~*~*~ (stealth).
 51635 | Spider:4 | 51635 ||| Stepping ~*~*~tactically~*~*~ (stealth).
 51696 | Spider:4 | 51696 ||| Stepping ~*~*~tactically~*~*~ (stealth).
 51708 | Spider:4 | Reached skill level 24 in Armour
 51940 | Spider:4 | 51940 ||| Stepping ~*~*~tactically~*~*~ (hiding).
 51941 | Spider:4 | 51941 ||| Stepping ~*~*~tactically~*~*~ (hiding).
 51975 | Spider:4 | 51975 ||| Stepping ~*~*~tactically~*~*~ (stealth).
 52020 | Spider:4 | 52020 ||| INVOKING Berserk.
 52218 | Spider:4 | Got a gossamer rune of Zot
 52315 | Spider:4 | 52315 ||| Stepping ~*~*~tactically~*~*~ (stealth).
 52332 | Spider:4 | 52332 ||| Stepping ~*~*~tactically~*~*~ (stealth).
 52353 | Spider:4 | 52353 ||| Stepping ~*~*~tactically~*~*~ (hiding).
 52578 | Spider:4 | 52578 ||| Stepping ~*~*~tactically~*~*~ (stealth).
 52625 | Spider:4 | 52625 ||| FLEEEEING.
 52626 | Spider:4 | 52626 ||| FLEEEEING.
 52629 | Spider:4 | 52629 ||| STAIRDANCE
 52731 | Spider:3 | 52731 ||| DROPPING scarf of harm.
 52732 | Spider:3 | 52732 ||| DROPPING +0 gold dragon scales.
 52733 | Spider:3 | 52733 ||| DROPPING scarf of repulsion.
 52734 | Spider:3 | 52734 ||| DROPPING scarf of harm.
 52735 | Spider:3 | 52735 ||| UPGRADING to ring of see invisible.
 52737 | Spider:3 | 52737 ||| DROPPING ring of poison resistance.
 52743 | Spider:4 | 52743 ||| PLANNING DEPTHS
 53084 | Depths:1 | Entered Level 1 of the Depths
 53110 | Depths:1 | 53110 ||| INVOKING Brothers in Arms.
 53111 | Depths:1 | 53111 ||| INVOKING Brothers in Arms.
 53112 | Depths:1 | 53112 ||| INVOKING Berserk.
 53228 | Depths:1 | Found a one-way gate to the infinite horrors of the Abyss.
 53291 | Depths:1 | 53291 ||| Stepping ~*~*~tactically~*~*~ (hiding).
 53436 | Depths:1 | 53436 ||| INVOKING Berserk.
 53579 | Depths:1 | 53579 ||| Stepping ~*~*~tactically~*~*~ (hiding).
 53689 | Depths:1 | 53689 ||| INVOKING Trog's Hand.
 53693 | Depths:1 | 53693 ||| INVOKING Berserk.
 53766 | Depths:1 | 53766 ||| Stepping ~*~*~tactically~*~*~ (stealth).
 53768 | Depths:1 | 53768 ||| Stepping ~*~*~tactically~*~*~ (stealth).
 53828 | Depths:1 | 53828 ||| INVOKING Berserk.
 53976 | Depths:1 | 53976 ||| Stepping ~*~*~tactically~*~*~ (stealth).
 53988 | Depths:1 | 53988 ||| INVOKING Berserk.
 54015 | Depths:1 | Reached XP level 23. HP: 259/259 MP: 22/22
 54022 | Depths:1 | 54022 ||| INVOKING Brothers in Arms.
 54031 | Depths:1 | Reached skill level 15 in Throwing
 54337 | Depths:1 | 54337 ||| Stepping ~*~*~tactically~*~*~ (stealth).
 54338 | Depths:1 | 54338 ||| Stepping ~*~*~tactically~*~*~ (stealth).
 54341 | Depths:1 | 54341 ||| Stepping ~*~*~tactically~*~*~ (stealth).
 54520 | Depths:1 | Found a gateway to Hell.
 54540 | Depths:1 | 54540 ||| INVOKING Berserk.
 54651 | Depths:1 | Found Aviblitz's Antique Armour Shoppe.
 54659 | Depths:1 | 54659 ||| Stepping ~*~*~tactically~*~*~ (hiding).
 54659 | Depths:1 | Found Keto's Assorted Antiques.
 54771 | Depths:1 | 54771 ||| BUYING potion of heal wounds (160 gold).
 54771 | Depths:1 | Bought a potion of heal wounds for 160 gold pieces
 54971 | Depths:2 | 54971 ||| INVOKING Brothers in Arms.
 55141 | Depths:2 | 55141 ||| Stepping ~*~*~tactically~*~*~ (hiding).
 55160 | Depths:2 | Found a glowing silver altar of Zin.
 55181 | Depths:2 | 55181 ||| INVOKING Trog's Hand.
 55188 | Depths:2 | 55188 ||| INVOKING Berserk.
 55238 | Depths:2 | 55238 ||| FLEEEEING.
 55242 | Depths:2 | 55242 ||| READING 9 scrolls of teleportation.
 55245 | Depths:2 | 55245 ||| FLEEEEING.
 55269 | Depths:2 | 55269 ||| Stepping ~*~*~tactically~*~*~ (stealth).
 55271 | Depths:2 | 55271 ||| Stepping ~*~*~tactically~*~*~ (hiding).
 55310 | Depths:2 | 55310 ||| Stepping ~*~*~tactically~*~*~ (hiding).
 55312 | Depths:2 | 55312 ||| Stepping ~*~*~tactically~*~*~ (hiding).
 55322 | Depths:2 | 55322 ||| Stepping ~*~*~tactically~*~*~ (hiding).
 55328 | Depths:2 | 55328 ||| INVOKING Berserk.
 55488 | Depths:2 | Noticed Boris
 55492 | Depths:2 | 55492 ||| INVOKING Berserk.
 55501 | Depths:2 | Killed Boris
 55514 | Depths:2 | 55514 ||| Stepping ~*~*~tactically~*~*~ (stealth).
 55518 | Depths:2 | 55518 ||| Stepping ~*~*~tactically~*~*~ (stealth).
 55638 | Depths:2 | 55638 ||| Stepping ~*~*~tactically~*~*~ (stealth).
 55682 | Depths:2 | Found a one-way gate leading to the halls of Pandemonium.
 55847 | Depths:2 | 55847 ||| INVOKING Brothers in Arms.
 55850 | Depths:2 | 55850 ||| INVOKING Berserk.
 55980 | Depths:2 | Found a glowing golden altar of the Shining One.
 55982 | Depths:2 | 55982 ||| INVOKING Trog's Hand.
 55994 | Depths:2 | 55994 ||| INVOKING Berserk.
 56114 | Depths:2 | 56114 ||| INVOKING Trog's Hand.
 56117 | Depths:2 | 56117 ||| INVOKING Berserk.
 56146 | Depths:2 | 56146 ||| FLEEEEING.
 56147 | Depths:2 | 56147 ||| FLEEEEING.
 56148 | Depths:2 | 56148 ||| FLEEEEING.
 56149 | Depths:2 | 56149 ||| FLEEEEING.
 56150 | Depths:2 | 56150 ||| FLEEEEING.
 56151 | Depths:2 | 56151 ||| FLEEEEING.
 56152 | Depths:2 | 56152 ||| FLEEEEING.
 56153 | Depths:2 | 56153 ||| FLEEEEING.
 56154 | Depths:2 | 56154 ||| FLEEEEING.
 56155 | Depths:2 | 56155 ||| FLEEEEING.
 56156 | Depths:2 | 56156 ||| FLEEEEING.
 56228 | Depths:2 | 56228 ||| INVOKING Trog's Hand.
 56256 | Depths:2 | 56256 ||| Stepping ~*~*~tactically~*~*~ (stealth).
 56257 | Depths:2 | 56257 ||| Stepping ~*~*~tactically~*~*~ (stealth).
 56368 | Depths:2 | 56368 ||| INVOKING Berserk.
 56664 | Depths:2 | Found a burning altar of Makhleb.
 57009 | Depths:2 | 57009 ||| Stepping ~*~*~tactically~*~*~ (stealth).
 57078 | Depths:3 | 57078 ||| INVOKING Brothers in Arms.
 57082 | Depths:3 | 57082 ||| INVOKING Berserk.
 57480 | Depths:3 | 57480 ||| Stepping ~*~*~tactically~*~*~ (hiding).
 57513 | Depths:3 | 57513 ||| INVOKING Trog's Hand.
 57731 | Depths:3 | 57731 ||| Stepping ~*~*~tactically~*~*~ (hiding).
 57732 | Depths:3 | 57732 ||| Stepping ~*~*~tactically~*~*~ (hiding).
 57736 | Depths:3 | 57736 ||| INVOKING Berserk.
 57953 | Depths:3 | 57953 ||| Stepping ~*~*~tactically~*~*~ (stealth).
 57961 | Depths:3 | 57961 ||| INVOKING Berserk.
 57967 | Depths:3 | Found a shimmering altar of Xom.
 58076 | Depths:3 | 58076 ||| READING 9 scrolls of teleportation.
 58504 | Depths:3 | Noticed a caustic shrike
 58506 | Depths:3 | 58506 ||| INVOKING Berserk.
 58511 | Depths:3 | Killed a caustic shrike
 58676 | Depths:3 | 58676 ||| INVOKING Berserk.
 58804 | Depths:3 | 58804 ||| Stepping ~*~*~tactically~*~*~ (hiding).
 58843 | Depths:3 | 58843 ||| Stepping ~*~*~tactically~*~*~ (stealth).
 58844 | Depths:3 | 58844 ||| Stepping ~*~*~tactically~*~*~ (stealth).
 58846 | Depths:3 | 58846 ||| Stepping ~*~*~tactically~*~*~ (hiding).
 58883 | Depths:3 | 58883 ||| INVOKING Trog's Hand.
 58911 | Depths:4 | Entered Level 4 of the Depths
 58914 | Depths:4 | 58914 ||| STAIRDANCE
 58916 | Depths:3 | 58916 ||| INVOKING Berserk.
 58922 | Depths:3 | Reached skill level 1 in Evocations
 59028 | Depths:4 | 59028 ||| STAIRDANCE
 59041 | Depths:4 | 59041 ||| STAIRDANCE
 59053 | Depths:4 | 59053 ||| STAIRDANCE
 59061 | Depths:4 | 59061 ||| STAIRDANCE
 59077 | Depths:4 | Identified the +5 ring mail of Oily Lucidity {rElec}
 59100 | Depths:4 | Found Soobroxu's Assorted Antiques.
 59105 | Depths:4 | Noticed the Enchantress
 59106 | Depths:4 | 59106 ||| INVOKING Trog's Hand.
 59107 | Depths:4 | 59107 ||| INVOKING Berserk.
 59121 | Depths:4 | Reached skill level 3 in Evocations
 59130 | Depths:4 | 59130 ||| DRINKING 22 potions of curing.
 59130 | Depths:4 | 59130 ||| (to cure confusion)
 59131 | Depths:4 | 59131 ||| DRINKING 21 potions of curing.
 59131 | Depths:4 | 59131 ||| (to cure confusion)
 59132 | Depths:4 | 59132 ||| INVOKING Brothers in Arms.
 59136 | Depths:4 | 59136 ||| DRINKING 20 potions of curing.
 59136 | Depths:4 | 59136 ||| (to cure confusion)
 59139 | Depths:4 | Killed the Enchantress
 59252 | Depths:4 | 59252 ||| BUYING scroll of enchant weapon (307 gold).
 59252 | Depths:4 | Bought a scroll of enchant weapon for 307 gold pieces
 59252 | Depths:4 | 59252 ||| BUYING scroll of teleportation (123 gold).
 59252 | Depths:4 | Bought a scroll of teleportation for 123 gold pieces
 59272 | Depths:4 | Found a one-way gateway to a ziggurat.
 59296 | Depths:4 | 59296 ||| INVOKING Berserk.
 59327 | Depths:4 | Reached XP level 24. HP: 271/271 MP: 22/22
 59462 | Depths:4 | Found a gate to the Realm of Zot.
 59476 | Depths:4 | 59476 ||| INVOKING Berserk.
 59491 | Depths:4 | Reached skill level 27 in Fighting
 59622 | Depths:4 | 59622 ||| Stepping randomly (cloudy).
 59623 | Depths:4 | 59623 ||| Stepping ~*~*~tactically~*~*~ (cloud).
 59627 | Depths:4 | 59627 ||| INVOKING Berserk.
 59635 | Depths:4 | HP: 66/273 [poisoned by a death drake (foul vapour)]
 59636 | Depths:4 | 59636 ||| READING 9 scrolls of teleportation.
 59637 | Depths:4 | 59637 ||| DRINKING 11 potions of heal wounds.
 59639 | Depths:4 | 59639 ||| DRINKING 10 potions of heal wounds.
 60007 | Depths:4 | 60007 ||| INVOKING Berserk.
 60204 | Depths:4 | 60204 ||| Stepping ~*~*~tactically~*~*~ (cloud).
 60359 | Depths:4 | 60359 ||| Stepping ~*~*~tactically~*~*~ (cloud).
 60421 | Depths:4 | 60421 ||| PLANNING SHOPPING SPREE
 60892 | D:1      | 60892 ||| BUYING potion of cancellation (112 gold).
 60892 | D:1      | Bought a potion of cancellation for 112 gold pieces
 60892 | D:1      | 60892 ||| BUYING potion of curing (42 gold).
 60892 | D:1      | Bought a potion of curing for 42 gold pieces
 60892 | D:1      | 60892 ||| BUYING potion of haste (140 gold).
 60892 | D:1      | Bought a potion of haste for 140 gold pieces
 60892 | D:1      | 60892 ||| BUYING potion of heal wounds (70 gold).
 60892 | D:1      | Bought a potion of heal wounds for 70 gold pieces
 60961 | D:1      | 60961 ||| BUYING potion of mutation (192 gold).
 60961 | D:1      | Bought a potion of mutation for 192 gold pieces
 60971 | D:1      | 60971 ||| BUYING +7 ring of slaying (2243 gold).
 60971 | D:1      | Bought a +7 ring of slaying for 2243 gold pieces
 60971 | D:1      | 60971 ||| UPGRADING to +7 ring of slaying {mikee}.
 60973 | D:1      | 60973 ||| DROPPING ring of Guaqaram {rPois rC+}.
 60974 | D:1      | 60974 ||| DROPPING +6 ring of strength.
 60975 | D:1      | 60975 ||| DROPPING ring of see invisible.
 61088 | D:5      | 61088 ||| BUYING pair of glowing boots (225 gold).
 61088 | D:5      | Bought a pair of glowing boots for 225 gold pieces
 61088 | D:5      | 61088 ||| DROPPING +0 pair of boots of stealth.
 61288 | D:14     | 61288 ||| CLEARING SHOPPING LIST
 61288 | D:14     | 61288 ||| PLANNING ZOT:1-4
 61288 | D:14     | 61288 ||| READING 8 scrolls of teleportation.
 61522 | Zot:1    | Entered Level 1 of the Realm of Zot
 61539 | Zot:1    | 61539 ||| Stepping ~*~*~tactically~*~*~ (stealth).
 61598 | Zot:1    | 61598 ||| Stepping ~*~*~tactically~*~*~ (stealth).
 61730 | Zot:1    | 61730 ||| Stepping ~*~*~tactically~*~*~ (hiding).
 61811 | Zot:1    | 61811 ||| Stepping ~*~*~tactically~*~*~ (stealth).
 61818 | Zot:1    | 61818 ||| Stepping ~*~*~tactically~*~*~ (stealth).
 61819 | Zot:1    | 61819 ||| Stepping ~*~*~tactically~*~*~ (stealth).
 61820 | Zot:1    | 61820 ||| Stepping ~*~*~tactically~*~*~ (stealth).
 61821 | Zot:1    | 61821 ||| Stepping ~*~*~tactically~*~*~ (stealth).
 62487 | Zot:2    | 62487 ||| FLEEEEING.
 62488 | Zot:2    | 62488 ||| STAIRDANCE
 62730 | Zot:2    | 62730 ||| INVOKING Berserk.
 62739 | Zot:2    | 62739 ||| STAIRDANCE
 62847 | Zot:2    | Identified the +10 quarterstaff of Roikhyis {vorpal, rElec
                  | Will+ Str-4 Stlth+}
 62876 | Zot:2    | 62876 ||| INVOKING Berserk.
 63018 | Zot:2    | 63018 ||| Stepping ~*~*~tactically~*~*~ (stealth).
 63089 | Zot:2    | 63089 ||| Stepping ~*~*~tactically~*~*~ (stealth).
 63093 | Zot:2    | 63093 ||| INVOKING Berserk.
 63098 | Zot:2    | Reached skill level 15 in Dodging
 63120 | Zot:2    | Noticed an ancient lich
 63120 | Zot:2    | Noticed Parghit
 63121 | Zot:2    | 63121 ||| INVOKING Trog's Hand.
 63127 | Zot:2    | Killed an ancient lich
 63128 | Zot:2    | HP: 59/273 [Parghit (12)]
 63129 | Zot:2    | 63129 ||| READING 7 scrolls of teleportation.
 63130 | Zot:2    | 63130 ||| DRINKING 12 potions of heal wounds.
 63131 | Zot:2    | 63131 ||| DRINKING 11 potions of heal wounds.
 63149 | Zot:2    | 63149 ||| Stepping ~*~*~tactically~*~*~ (cloud).
 63153 | Zot:2    | 63153 ||| Stepping ~*~*~tactically~*~*~ (cloud).
 63158 | Zot:2    | 63158 ||| Stepping ~*~*~tactically~*~*~ (cloud).
 63252 | Zot:2    | 63252 ||| INVOKING Berserk.
 63322 | Zot:2    | 63322 ||| INVOKING Berserk.
 63329 | Zot:2    | Killed Parghit
 63493 | Zot:2    | You are sucked into a shaft and drop 1 floor!
 63575 | Zot:2    | Identified the +6 morningstar of Eternal Harmony {vorpal,
                  | Stlth+}
 63677 | Zot:2    | 63677 ||| Stepping ~*~*~tactically~*~*~ (hiding).
 63678 | Zot:2    | 63678 ||| Stepping ~*~*~tactically~*~*~ (hiding).
 63728 | Zot:2    | 63728 ||| Stepping ~*~*~tactically~*~*~ (hiding).
 63735 | Zot:2    | 63735 ||| Stepping ~*~*~tactically~*~*~ (hiding).
 63742 | Zot:2    | 63742 ||| INVOKING Berserk.
 63914 | Zot:2    | 63914 ||| Stepping ~*~*~tactically~*~*~ (stealth).
 64056 | Zot:2    | Identified the +4 ring mail of Rufa Zyt {Harm rElec Regen+}
 64215 | Zot:2    | 64215 ||| Stepping ~*~*~tactically~*~*~ (hiding).
 64272 | Zot:2    | 64272 ||| FLEEEEING.
 64273 | Zot:2    | 64273 ||| FLEEEEING.
 64275 | Zot:2    | 64275 ||| FLEEEEING.
 64276 | Zot:2    | 64276 ||| FLEEEEING.
 64277 | Zot:2    | 64277 ||| FLEEEEING.
 64278 | Zot:2    | 64278 ||| FLEEEEING.
 64279 | Zot:2    | 64279 ||| FLEEEEING.
 64280 | Zot:2    | 64280 ||| FLEEEEING.
 64285 | Zot:2    | 64285 ||| FLEEEEING.
 64286 | Zot:2    | 64286 ||| FLEEEEING.
 64287 | Zot:2    | 64287 ||| FLEEEEING.
 64288 | Zot:2    | 64288 ||| FLEEEEING.
 64289 | Zot:2    | 64289 ||| FLEEEEING.
 64290 | Zot:2    | 64290 ||| FLEEEEING.
 64291 | Zot:2    | 64291 ||| FLEEEEING.
 64304 | Zot:2    | 64304 ||| INVOKING Berserk.
 64492 | Zot:2    | 64492 ||| Stepping ~*~*~tactically~*~*~ (stealth).
 64493 | Zot:2    | 64493 ||| DRINKING potion of resistance.
 64495 | Zot:2    | 64495 ||| Stepping ~*~*~tactically~*~*~ (cloud).
 64513 | Zot:2    | 64513 ||| Stepping ~*~*~tactically~*~*~ (hiding).
 64517 | Zot:2    | 64517 ||| INVOKING Berserk.
 64639 | Zot:2    | Found a stormy altar of Qazlal.
 64663 | Zot:2    | 64663 ||| DROPPING +0 cloak of preservation.
 64664 | Zot:2    | 64664 ||| UPGRADING to +7 gold dragon scales.
 64674 | Zot:2    | 64674 ||| READING 3 scrolls of enchant armour.
 64674 | Zot:2    | 64674 ||| ENCHANTING +7 gold dragon scales.
 64675 | Zot:2    | 64675 ||| DROPPING +10 plate armour of cold resistance.
 64676 | Zot:2    | 64676 ||| READING 2 scrolls of enchant armour.
 64676 | Zot:2    | 64676 ||| ENCHANTING +8 gold dragon scales.
 64677 | Zot:2    | 64677 ||| READING scroll of enchant armour.
 64677 | Zot:2    | 64677 ||| ENCHANTING +9 gold dragon scales.
 64724 | Zot:3    | 64724 ||| Stepping ~*~*~tactically~*~*~ (hiding).
 65114 | Zot:3    | 65114 ||| INVOKING Berserk.
 65275 | Zot:3    | 65275 ||| INVOKING Berserk.
 65394 | Zot:3    | 65394 ||| Stepping ~*~*~tactically~*~*~ (hiding).
 65397 | Zot:3    | 65397 ||| INVOKING Berserk.
 65410 | Zot:3    | 65410 ||| INVOKING Brothers in Arms.
 65411 | Zot:3    | 65411 ||| INVOKING Brothers in Arms.
 65653 | Zot:3    | 65653 ||| INVOKING Berserk.
 65663 | Zot:3    | 65663 ||| Stepping ~*~*~tactically~*~*~ (hiding).
 65681 | Zot:3    | 65681 ||| FLEEEEING.
 65682 | Zot:3    | 65682 ||| FLEEEEING.
 65693 | Zot:3    | 65693 ||| FLEEEEING.
 65694 | Zot:3    | 65694 ||| FLEEEEING.
 65695 | Zot:3    | 65695 ||| FLEEEEING.
 65696 | Zot:3    | 65696 ||| FLEEEEING.
 65705 | Zot:3    | 65705 ||| FLEEEEING.
 65706 | Zot:3    | 65706 ||| FLEEEEING.
 65707 | Zot:3    | 65707 ||| FLEEEEING.
 65708 | Zot:3    | 65708 ||| FLEEEEING.
 65709 | Zot:3    | 65709 ||| FLEEEEING.
 65710 | Zot:3    | 65710 ||| FLEEEEING.
 65713 | Zot:3    | 65713 ||| FLEEEEING.
 65718 | Zot:3    | 65718 ||| STAIRDANCE
 66149 | Zot:4    | 66149 ||| INVOKING Brothers in Arms.
 66150 | Zot:4    | 66150 ||| INVOKING Brothers in Arms.
 66151 | Zot:4    | 66151 ||| INVOKING Brothers in Arms.
 66154 | Zot:4    | 66154 ||| INVOKING Berserk.
 66171 | Zot:4    | 66171 ||| INVOKING Brothers in Arms.
 66174 | Zot:4    | HP: 67/273 [golden dragon (20)]
 66175 | Zot:4    | 66175 ||| READING 6 scrolls of teleportation.
 66176 | Zot:4    | 66176 ||| DRINKING 11 potions of heal wounds.
 66177 | Zot:4    | 66177 ||| DRINKING 10 potions of heal wounds.
 66179 | Zot:4    | 66179 ||| DRINKING 9 potions of heal wounds.
 66179 | Zot:4    | HP: 45/273 [electric golem/bolt of lightning (34)]
 66180 | Zot:4    | 66180 ||| DRINKING 8 potions of heal wounds.
 66181 | Zot:4    | 66181 ||| DRINKING 7 potions of heal wounds.
 66182 | Zot:4    | 66182 ||| DRINKING 6 potions of heal wounds.
 66558 | Zot:4    | Reached skill level 6 in Evocations
 66722 | Zot:4    | 66722 ||| INVOKING Berserk.
 66747 | Zot:4    | Reached skill level 27 in Armour
 66760 | Zot:4    | Reached XP level 25. HP: 282/282 MP: 22/22
 66772 | Zot:4    | 66772 ||| Stepping ~*~*~tactically~*~*~ (hiding).
 66773 | Zot:4    | 66773 ||| Stepping ~*~*~tactically~*~*~ (hiding).
 66785 | Zot:4    | 66785 ||| Stepping ~*~*~tactically~*~*~ (stealth).
 66789 | Zot:4    | 66789 ||| INVOKING Berserk.
 66840 | Zot:4    | 66840 ||| Stepping ~*~*~tactically~*~*~ (stealth).
 66851 | Zot:4    | 66851 ||| FLEEEEING.
 66852 | Zot:4    | 66852 ||| FLEEEEING.
 66853 | Zot:4    | 66853 ||| FLEEEEING.
 66860 | Zot:4    | 66860 ||| FLEEEEING.
 66861 | Zot:4    | 66861 ||| FLEEEEING.
 66862 | Zot:4    | 66862 ||| STAIRDANCE
 67015 | Zot:4    | 67015 ||| INVOKING Berserk.
 67188 | Zot:4    | Identified the +0 leather armour "Varaec" {Slay+5}
 67313 | Zot:4    | 67313 ||| Stepping ~*~*~tactically~*~*~ (stealth).
 67332 | Zot:4    | 67332 ||| Stepping ~*~*~tactically~*~*~ (stealth).
 67335 | Zot:4    | 67335 ||| INVOKING Berserk.
 67339 | Zot:4    | Reached skill level 21 in Axes
 67348 | Zot:4    | 67348 ||| Stepping ~*~*~tactically~*~*~ (stealth).
 67581 | Zot:4    | 67581 ||| Stepping ~*~*~tactically~*~*~ (hiding).
 67584 | Zot:4    | 67584 ||| INVOKING Berserk.
 67747 | Zot:4    | 67747 ||| Stepping ~*~*~tactically~*~*~ (stealth).
 67782 | Zot:4    | 67782 ||| INVOKING Berserk.
 67825 | Zot:4    | 67825 ||| FLEEEEING.
 67826 | Zot:4    | 67826 ||| FLEEEEING.
 67827 | Zot:4    | 67827 ||| FLEEEEING.
 67856 | Zot:4    | 67856 ||| FLEEEEING.
 67862 | Zot:4    | 67862 ||| STAIRDANCE
 68043 | Zot:4    | 68043 ||| Stepping ~*~*~tactically~*~*~ (hiding).
 68163 | Zot:4    | 68163 ||| READING scroll of enchant armour.
 68163 | Zot:4    | 68163 ||| ENCHANTING +10 gold dragon scales.
 68202 | Zot:4    | 68202 ||| PLANNING ORB
 68235 | Zot:5    | Entered Level 5 of the Realm of Zot
 68242 | Zot:5    | 68242 ||| INVOKING Berserk.
 68553 | Zot:5    | 68553 ||| Stepping ~*~*~tactically~*~*~ (hiding).
 68631 | Zot:5    | 68631 ||| INVOKING Berserk.
 69053 | Zot:5    | Noticed an ancient lich
 69054 | Zot:5    | 69054 ||| Stepping ~*~*~tactically~*~*~ (hiding).
 69056 | Zot:5    | 69056 ||| Stepping ~*~*~tactically~*~*~ (hiding).
 69058 | Zot:5    | 69058 ||| INVOKING Trog's Hand.
 69060 | Zot:5    | Noticed an orb of fire
 69061 | Zot:5    | Noticed a dread lich
 69062 | Zot:5    | 69062 ||| INVOKING Berserk.
 69063 | Zot:5    | Noticed a dread lich
 69066 | Zot:5    | Noticed an orb of fire
 69080 | Zot:5    | Killed an orb of fire
 69088 | Zot:5    | Gained mutation: You sometimes lose your temper in combat.
                  | [an orb of fire]
 69088 | Zot:5    | Lost mutation: You are robust. (+10% HP) [an orb of fire]
 69093 | Zot:5    | Killed an orb of fire
 69095 | Zot:5    | 69095 ||| INVOKING Trog's Hand.
 69099 | Zot:5    | 69099 ||| Stepping ~*~*~tactically~*~*~ (hiding).
 69106 | Zot:5    | Killed an ancient lich
 69110 | Zot:5    | Killed a dread lich
 69111 | Zot:5    | 69111 ||| Stepping ~*~*~tactically~*~*~ (hiding).
 69114 | Zot:5    | Killed a dread lich
 69117 | Zot:5    | 69117 ||| INVOKING Berserk.
 69147 | Zot:5    | 69147 ||| Stepping ~*~*~tactically~*~*~ (hiding).
 69159 | Zot:5    | HP: 52/257 [electric golem/bolt of lightning (18)]
 69160 | Zot:5    | 69160 ||| READING 5 scrolls of teleportation.
 69161 | Zot:5    | 69161 ||| DRINKING 6 potions of heal wounds.
 69165 | Zot:5    | Noticed an orb of fire
 69167 | Zot:5    | HP: 57/257 [electric golem/bolt of lightning (16)]
 69168 | Zot:5    | 69168 ||| DRINKING 5 potions of heal wounds.
 69481 | Zot:5    | 69481 ||| DRINKING 17 potions of mutation.
 69481 | Zot:5    | Lost mutation: You sometimes lose your temper in combat.
                  | [potion of mutation]
 69481 | Zot:5    | Gained mutation: You have a pair of large horns on your
                  | head. [potion of mutation]
 69481 | Zot:5    | Gained mutation: You possess an exceptional clarity of
                  | mind. [potion of mutation]
 69505 | Zot:5    | 69505 ||| Stepping ~*~*~tactically~*~*~ (hiding).
 69647 | Zot:5    | Noticed a dread lich
 69648 | Zot:5    | 69648 ||| INVOKING Trog's Hand.
 69650 | Zot:5    | Noticed an ancient lich
 69652 | Zot:5    | 69652 ||| INVOKING Berserk.
 69655 | Zot:5    | Killed a dread lich
 69656 | Zot:5    | Noticed a Killer Klown
 69660 | Zot:5    | Noticed a dread lich
 69661 | Zot:5    | Killed an ancient lich
 69673 | Zot:5    | Noticed a Killer Klown
 69679 | Zot:5    | Killed a dread lich
 69687 | Zot:5    | Gained mutation: Your magical capacity is low. (-10% MP)
                  | [an orb of fire]
 69688 | Zot:5    | Noticed an orb of fire
 69691 | Zot:5    | Killed an orb of fire
 69691 | Zot:5    | Gained mutation: Armour fits poorly on your strangely
                  | shaped body. [an orb of fire]
 69692 | Zot:5    | Reached skill level 24 in Shields
 69705 | Zot:5    | Gained mutation: You are dopey. (Int -2) [an orb of fire]
 69707 | Zot:5    | Gained mutation: Your magical capacity is very low. (-20%
                  | MP) [an orb of fire]
 69708 | Zot:5    | Gained mutation: You occasionally shout uncontrollably at
                  | your foes. [an orb of fire]
 69710 | Zot:5    | 69710 ||| INVOKING Brothers in Arms.
 69710 | Zot:5    | Gained mutation: Your magical capacity is extremely low.
                  | (-30% MP) [an orb of fire]
 69713 | Zot:5    | Killed a Killer Klown
 69715 | Zot:5    | Killed a Killer Klown
 69718 | Zot:5    | Gained mutation: You are robust. (+10% HP) [an orb of fire]
 69723 | Zot:5    | Gained mutation: You occasionally lose the ability to drink
                  | potions when taking damage. [an orb of fire]
 69725 | Zot:5    | Gained mutation: You occasionally lose the ability to read
                  | scrolls when taking damage. [an orb of fire]
 69726 | Zot:5    | Gained mutation: Your spells are a little easier to cast,
                  | but a little less powerful. [an orb of fire]
 69728 | Zot:5    | Killed an orb of fire
 69903 | Zot:5    | 69903 ||| DRINKING 16 potions of mutation.
 69903 | Zot:5    | Lost mutation: You possess an exceptional clarity of mind.
                  | [potion of mutation]
 69903 | Zot:5    | Lost mutation: You are dopey. (Int -2) [potion of mutation]
 69903 | Zot:5    | Lost mutation: You are robust. (+10% HP) [potion of
                  | mutation]
 69903 | Zot:5    | Lost mutation: Your spells are a little easier to cast, but
                  | a little less powerful. [potion of mutation]
 69903 | Zot:5    | Gained mutation: Your spells are a little easier to cast,
                  | but a little less powerful. [potion of mutation]
 69903 | Zot:5    | Gained mutation: You are partially covered in iridescent
                  | scales. (AC +2) [potion of mutation]
 69904 | Zot:5    | 69904 ||| DRINKING 15 potions of mutation.
 69904 | Zot:5    | Lost mutation: Your magical capacity is extremely low.
                  | (-30% MP) [potion of mutation]
 69904 | Zot:5    | Lost mutation: Armour fits poorly on your strangely shaped
                  | body. [potion of mutation]
 69904 | Zot:5    | Gained mutation: You are weak. (Str -2) [potion of
                  | mutation]
 69905 | Zot:5    | 69905 ||| DRINKING 14 potions of mutation.
 69905 | Zot:5    | Lost mutation: You occasionally shout uncontrollably at
                  | your foes. [potion of mutation]
 69905 | Zot:5    | Lost mutation: Your spells are a little easier to cast, but
                  | a little less powerful. [potion of mutation]
 69905 | Zot:5    | Lost mutation: You are weak. (Str -2) [potion of mutation]
 69905 | Zot:5    | Gained mutation: You are agile. (Dex +4, Str/Int -1)
                  | [potion of mutation]
 69905 | Zot:5    | Gained mutation: You expend magic power (3 MP) to
                  | strengthen your wands. [potion of mutation]
 69906 | Zot:5    | 69906 ||| DRINKING 13 potions of mutation.
 69906 | Zot:5    | Lost mutation: You occasionally lose the ability to drink
                  | potions when taking damage. [potion of mutation]
 69906 | Zot:5    | Lost mutation: You occasionally lose the ability to read
                  | scrolls when taking damage. [potion of mutation]
 69906 | Zot:5    | Gained mutation: You are covered in fur. (AC +1) [potion of
                  | mutation]
 69906 | Zot:5    | Lost mutation: You have a pair of large horns on your head.
                  | [potion of mutation]
 69906 | Zot:5    | Lost mutation: Your magical capacity is very low. (-20% MP)
                  | [potion of mutation]
 69906 | Zot:5    | Gained mutation: Your mind is acute. (Int +4, Str/Dex -1)
                  | [potion of mutation]
 70061 | Zot:5    | Reached XP level 26. HP: 266/266 MP: 19/19
 70069 | Zot:5    | 70069 ||| INVOKING Brothers in Arms.
 70091 | Zot:5    | 70091 ||| INVOKING Berserk.
 70103 | Zot:5    | Noticed an ancient lich
 70107 | Zot:5    | Reached skill level 24 in Axes
 70115 | Zot:5    | Killed an ancient lich
 70123 | Zot:5    | Noticed a dread lich
 70124 | Zot:5    | 70124 ||| INVOKING Trog's Hand.
 70125 | Zot:5    | 70125 ||| INVOKING Brothers in Arms.
 70137 | Zot:5    | Killed a dread lich
 70351 | Zot:5    | 70351 ||| UPGRADING to +2 hat of intelligence.
 70359 | Zot:5    | Got the Orb of Zot
 70360 | Zot:5    | 70360 ||| READING 3 scrolls of brand weapon.
 70360 | Zot:5    | 70360 ||| BRANDING +9 vampiric war axe.
 70361 | Zot:5    | 70361 ||| READING 2 scrolls of brand weapon.
 70361 | Zot:5    | 70361 ||| BRANDING +9 war axe of protection.
 70362 | Zot:5    | 70362 ||| READING scroll of brand weapon.
 70362 | Zot:5    | 70362 ||| BRANDING +9 war axe of draining.
 70439 | Zot:4    | Noticed Malitu the pandemonium lord
 70439 | Zot:4    | 70439 ||| DRINKING 7 potions of haste.
 70440 | Zot:4    | 70440 ||| DRINKING 10 potions of might.
 70447 | Zot:4    | Killed Malitu the pandemonium lord
 70641 | Zot:1    | 70641 ||| INVOKING Trog's Hand.
 70662 | Depths:4 | 70662 ||| Stepping randomly (disturbance).
 70663 | Depths:4 | 70663 ||| Stepping randomly (disturbance).
 70664 | Depths:4 | 70664 ||| Stepping randomly (disturbance).
 70669 | Depths:4 | Reached skill level 18 in Dodging
 70676 | Depths:4 | 70676 ||| Stepping randomly (disturbance).
 70677 | Depths:4 | 70677 ||| Stepping randomly (disturbance).
 70678 | Depths:4 | 70678 ||| Stepping randomly (disturbance).
 70700 | Depths:4 | 70700 ||| INVOKING Trog's Hand.
 70726 | Depths:4 | Noticed a seraph
 70726 | Depths:4 | 70726 ||| DRINKING 6 potions of haste.
 70727 | Depths:4 | 70727 ||| DRINKING 9 potions of might.
 70744 | Depths:4 | Killed a seraph
 70745 | Depths:4 | 70745 ||| INVOKING Trog's Hand.
 70815 | Depths:2 | Noticed a seraph
 70815 | Depths:2 | 70815 ||| DRINKING 5 potions of haste.
 70816 | Depths:2 | 70816 ||| DRINKING 8 potions of might.
 70828 | Depths:2 | Killed a seraph
 70833 | Depths:2 | 70833 ||| DRINKING 4 potions of heal wounds.
 70834 | Depths:2 | 70834 ||| DRINKING 3 potions of heal wounds.
 70835 | Depths:2 | 70835 ||| INVOKING Trog's Hand.
 70881 | D:15     | 70881 ||| INVOKING Trog's Hand.
 70906 | D:14     | 70906 ||| DRINKING 4 potions of haste.
 70907 | D:14     | 70907 ||| DRINKING 7 potions of might.
 70916 | D:14     | 70916 ||| DRINKING 2 potions of heal wounds.
 70917 | D:14     | 70917 ||| DRINKING potion of heal wounds.
 70918 | D:14     | 70918 ||| INVOKING Trog's Hand.
 70967 | D:13     | 70967 ||| INVOKING Trog's Hand.
 70981 | D:11     | 70981 ||| INVOKING Trog's Hand.
 70998 | D:11     | 70998 ||| INVOKING Trog's Hand.
 71339 | D:$      | Escaped with the Orb!

Levels and vault maps discovered:
D:1:      mrwooster_arrival_statue_2, layout_loops_corners,
          ebering_ecumenical_altar_rust, serial_shops,
          nicolae_shop_advertising_works [nicolae_subvault_shop_adworks],
          nicolae_shop_behind_doors, nicolae_shop_stone,
          nicolae_shop_statue_plus, nicolae_shop_hallway_plus, st_stairs_2,
          nicolae_shop_unique_rings, minmay_cupped
D:2:      layout_rooms, basic_altar
D:3:      layout_basic, chequers_serial_rivers_small_b, minmay_joined_circles,
          uniq_grinder
D:4:      layout_basic, zin_academy, nicolae_uskayaw_murder_on_the_dancefloor
D:5:      layout_basic, nicolae_overflow_hidden_temple, temple_doors_cd,
          serial_shops, shop, gammafunk_ghost_mausoleum
D:6:      layout_loops_ring, nicolae_gozag_cash_rules_everything_around_me,
          serial_shops, shop, serial_glass, glass_columns_c, glass_columns_a,
          moated_statue, amcnicky_mini_rare_corridor_liquid,
          kennysheep_windowed_goal, uniq_duvessa
D:7:      layout_basic, nrook_loot_triangle
D:8:      layout_basic, mainiacjoe_overflow_boulevard,
          grunt_lair_entry_orc_guard_hut, enter_ossuary_5, hangedman_misty_isle
D:9:      layout_rooms, mainiacjoe_overflow_chevrons, orc_david_3,
          gammafunk_ghost_split, uniq_psyche, uniq_erolcha
D:10:     layout_rooms, enter_bailey_3
D:11:     layout_gridville, minmay_misc_feat_tower, uniq_harold
D:12:     layout_stronghold, serial_undead, serial_undead_c, serial_undead_d,
          serial_undead_d, serial_undead_c
D:13:     layout_roguey
D:14:     layout_basic, grunt_vaults_entry_fortified, serial_shops,
          nicolae_square_shop, nicolae_shop_temple_entry_statues_fountains,
          shop_fountains, nicolae_shop_hallway_plus, kennysheep_pointless_box,
          bh_circular_ruins
D:15:     hangedman_slaughterboxes
Lair:1:   layout_regular_city, grunt_megastairs_4
Lair:2:   layout_cave_pods, dummy_spider_entry
Lair:3:   layout_loops_ring, elwin_shoals_entry_rocks,
          cheibrodos_lair_lostbears, grunt_megastairs_2, uniq_gastronok
Lair:4:   beast_lair_carwin_large_4, layout_loops_ring,
          ebering_ghost_funeral_grove, serial_bayou_shore_b
Lair:5:   due_jungle_book, layout_loops_ring, slime_entry_1, basic_altar,
          serial_bayou_shore_b, grunt_megastairs_5
Shoals:1: nicolae_shoals_lighthouse, layout_shoals, nzn_prometheus_bound,
          uniq_josephine
Shoals:2: layout_shoals, lightli_airlock
Shoals:3: layout_shoals, nicolae_shoals_secluded_bog, uniq_louise, uniq_donald
Shoals:4: shoals_end_hellmonk_lost_city, serial_shops
Spider:1: nicolae_spider_hilbert_zone_2 [nicolae_spider_hilbert_4_sides_1_open,
          nicolae_spider_hilbert_4_sides_1_open,
          nicolae_spider_hilbert_4_sides_1_open,
          nicolae_spider_hilbert_4_sides_1_open,
          nicolae_spider_hilbert_6_sides_1_open,
          nicolae_spider_hilbert_6_sides_1_open,
          nicolae_spider_hilbert_3_sides_1_open,
          nicolae_spider_hilbert_3_sides_1_open,
          nicolae_spider_hilbert_3_sides_1_open,
          nicolae_spider_hilbert_3_sides_1_open,
          nicolae_spider_hilbert_6_sides_1_open,
          nicolae_spider_hilbert_6_sides_1_open,
          nicolae_spider_hilbert_6_sides_1_open,
          nicolae_spider_hilbert_6_sides_1_open], uniq_jorgrun
Spider:2: layout_cave_pods, drop_trap, hellmonk_deceptive_appearances
Spider:3: layout_spider_delve, hangedman_spider_mandibles,
          nicolae_spider_acid_house, uniq_asterion, uniq_kirke
Spider:4: grunt_spider_rune_parallel
Orc:1:    layout_caves, serial_shops, nicolae_shop_hallway_plus
Orc:2:    st_orc_ogre_mass, layout_caves, nicolae_orc_rockfall
Vaults:1: vaults_room_fancy_cross, nicolae_vaults_big_ls,
          hangedman_vaults_slice, nicolae_vaults_network_periphery, v_pattern_5,
          nicolae_vaults_little_ls, vaults_room_pools, not_door_vault_due,
          nicolae_vaults_shelves_hall, hangedman_vaults_slice,
          grunt_vaults_hallway_long, layout_vaults_ring
Vaults:2: gammafunk_ghost_necromancy, nicolae_vaults_network_quinsquares
          [nicolae_vaults_network_quincunx_subvault,
          nicolae_vaults_network_quincunx_subvault,
          nicolae_vaults_network_quincunx_subvault,
          nicolae_vaults_network_quincunx_subvault], hangedman_vaults_cutoff,
          nicolae_vaults_diagonal_hallway_9, nicolae_vaults_diagonal_hallway_7,
          hangedman_vaults_locks, vaults_standard_mumra_enter_the_diamond,
          ontoclasm_vaults_chip, ontoclasm_vaults_chip, grunt_tower_of_power,
          vaults_dpeg_hooks, nicolae_vaults_little_squares_3,
          layout_vaults_omnicross, serial_shops,
          nicolae_shop_overgrown_old_shop, shop, nicolae_shop_crystal
Vaults:3: minmay_crypt_entry_simple_walls, nicolae_vaults_border_crossing,
          nicolae_vaults_arrows, v_alt_pattern_3, hangedman_vaults_trim,
          nicolae_vaults_circle_grid_a, vaults_mumra_hex,
          hangedman_vaults_capsules, vaults_room_guarded_vault,
          nicolae_vaults_diagonal_hallway_8, hangedman_vaults_slice,
          vaults_dpeg_ring, layout_vaults_chaotic_city, enter_trove_5,
          serial_shops, bzr_entry_dummy
Vaults:4: nicolae_vaults_halls_meeting, nicolae_vaults_little_squares_1,
          vaults_room_pool, v_pattern_3, v_misc_30, layout_vaults_omnigrid,
          serial_shops, shop, uniq_mara, uniq_boris, uniq_mennas
Vaults:5: uniq_margery
Depths:1: layout_gridlike, hell_entry, abyss_entry_glasseish, grunt_potential,
          minmay_shop_star
Depths:2: dreamdust_under_siege, layout_gridlike, grunt_pan_entry_in_and_out,
          hell_entry, nzn_life_drinkers
Depths:3: minmay_inside_and_out, layout_cave_pools, rand_demon_pan_entry_9,
          hangedman_geh_valley, abyss_entry, serial_sigils_hangedman_etch,
          tgw_xom
Depths:4: evilmike_zot_entry_argh, layout_cave_pools, enter_ziggurat_d,
          hell_entry, serial_shops, shop, serial_glass, glass_columns_c,
          glass_columns_a, uniq_enchantress
Zot:1:    layout_concentric_octagons
Zot:2:    regret_index_qazlal_generations, layout_concentric_octagons,
          uniq_parghit
Zot:3:    kennysheep_blocky_room, layout_basic
Zot:4:    kennysheep_bubbly, layout_misc_corridors
Zot:5:    layout_twisted_circle

Skill      XL: |  1  2  3  4  5  6  7  8  9 10 11 12 13 14 15 16 17 18 19 20 21 22 23 24 25 26 |
---------------+-------------------------------------------------------------------------------+-----
Axes           | 4 5 6 8 9 10 12 14 16 17 18 19 20 23 25 | 25.0
Fighting       | 4 5 6 7 8 10 13 15 16 18 19 21 22 23 24 25 26 27 | 27.0
Throwing       | 1 2 3 7 11 12 13 14 15 16 | 16.0
Armour         | 5 6 7 8 10 11 14 15 17 18 19 21 22 23 24 25 27 | 27.0
Dodging        | 3 4 5 7 9 10 12 13 14 15 16 18 | 18.0
Shields        | 10 13 14 15 18 20 21 22 23 24 | 24.0
Evocations     | 3 6 |  6.4

Action                   |  1- 3 |  4- 6 |  7- 9 | 10-12 | 13-15 | 16-18 | 19-21 | 22-24 | 25-27 || total
-------------------------+-------+-------+-------+-------+-------+-------+-------+-------+-------++-------
Melee: Hand axe          |    68 |    36 |       |       |       |       |       |       |       ||   104
       Headbutt          |    10 |    10 |    37 |   104 |   366 |   382 |   469 |   589 |   233 ||  2200
       War axe           |       |    67 |   185 |   407 |  1140 |  1264 |  1338 |  1691 |   629 ||  6721
       Punch             |       |       |     2 |       |       |       |       |       |       ||     2
       Morningstar       |       |       |       |    17 |    31 |       |       |       |       ||    48
Throw: Boomerang         |    38 |    64 |    75 |    73 |   127 |    79 |    10 |   106 |    49 ||   621
       Javelin           |       |       |       |       |    35 |    49 |   109 |    75 |     1 ||   269
Invok: Berserk           |     1 |     2 |    13 |    24 |    27 |    34 |    20 |    50 |    11 ||   182
       Trog's Hand       |       |     1 |       |       |     4 |    25 |    27 |    13 |    13 ||    83
       Brothers in Arms  |       |       |       |     2 |     7 |    13 |    13 |    10 |     3 ||    48
  Use: Scroll            |     5 |    11 |     4 |     5 |     6 |    17 |     5 |    10 |     5 ||    68
       Potion            |     1 |     5 |       |       |       |     4 |     4 |    14 |    19 ||    47
 Stab: Invisible         |       |       |       |       |     1 |       |       |       |       ||     1
       Distracted        |       |       |       |       |       |       |     3 |     1 |       ||     4
Armor: Animal skin       |     4 |       |       |       |       |       |       |       |       ||     4
       Leather armour    |     3 |    24 |    11 |       |       |       |       |       |       ||    38
       Chain mail        |       |       |    67 |   170 |   185 |       |       |       |       ||   422
       Plate armour      |       |       |       |       |   269 |   517 |   408 |   573 |       ||  1767
       Gold dragon scale |       |       |       |       |       |       |       |   177 |   252 ||   429
Dodge: Dodged            |    34 |    48 |    79 |    95 |   273 |   440 |   391 |   639 |   191 ||  2190
Block: Kite shield       |       |       |       |   112 |   546 |       |       |       |       ||   658
       Reflection        |       |       |       |       |    54 |   127 |    68 |    17 |    13 ||   279
       Tower shield      |       |       |       |       |   262 |  1679 |  1339 |  1882 |   598 ||  5760

Table legend:
 A = Non-vault XP
 B = Vault XP
 C = Vault XP percentage of total XP
 D = Non-vault monster count
 E = Vault monster count
 F = Vault count percentage of total count
                 A         B        C        D         E       F
            +---------+---------+-------+---------+---------+-------
      Total |  635219 |  714729 |  52.9 |    1204 |     856 |  41.6
            +---------+---------+-------+---------+---------+-------
        D:1 |      43 |       8 |  15.7 |      23 |       4 |  14.8
        D:2 |      85 |       0 |   0.0 |      25 |       0 |   0.0
        D:3 |      65 |     341 |  84.0 |      15 |      13 |  46.4
        D:4 |      96 |       0 |   0.0 |      15 |       0 |   0.0
        D:5 |     935 |       0 |   0.0 |      20 |       0 |   0.0
        D:6 |    1007 |     486 |  32.6 |      18 |       5 |  21.7
        D:7 |     946 |       0 |   0.0 |      19 |       0 |   0.0
        D:8 |    1731 |    1328 |  43.4 |      17 |      11 |  39.3
        D:9 |    1571 |    1396 |  47.1 |       8 |       8 |  50.0
       D:10 |    2796 |       8 |   0.3 |      22 |       4 |  15.4
       D:11 |    6253 |     886 |  12.4 |      16 |       1 |   5.9
       D:12 |    6218 |    1802 |  22.5 |      17 |       7 |  29.2
       D:13 |    6372 |       0 |   0.0 |      23 |       0 |   0.0
       D:14 |    7814 |    5135 |  39.7 |      24 |      11 |  31.4
       D:15 |     556 |   52563 |  99.0 |       1 |      93 |  98.9
     Lair:1 |    6318 |     553 |   8.0 |      22 |       3 |  12.0
     Lair:2 |    5598 |       0 |   0.0 |      24 |       0 |   0.0
     Lair:3 |    5870 |    3089 |  34.5 |      13 |       7 |  35.0
     Lair:4 |    8849 |    7736 |  46.6 |      30 |      15 |  33.3
     Lair:5 |   16466 |   14739 |  47.2 |      47 |      30 |  39.0
   Shoals:1 |   18485 |   21690 |  54.0 |      36 |      38 |  51.4
   Shoals:2 |   19027 |       0 |   0.0 |      35 |       0 |   0.0
   Shoals:3 |   12474 |    6008 |  32.5 |      31 |       7 |  18.4
   Shoals:4 |   16239 |   31770 |  66.2 |      38 |      45 |  54.2
   Spider:1 |   17743 |   22012 |  55.4 |      50 |      32 |  39.0
   Spider:2 |   14593 |    1030 |   6.6 |      41 |       2 |   4.7
   Spider:3 |    8306 |    8091 |  49.3 |      25 |      11 |  30.6
   Spider:4 |   28121 |   13693 |  32.7 |      61 |      29 |  32.2
      Orc:1 |    1512 |       0 |   0.0 |      12 |       0 |   0.0
      Orc:2 |    1000 |   13619 |  93.2 |      12 |      30 |  71.4
   Vaults:1 |   37657 |   31725 |  45.7 |      51 |      39 |  43.3
   Vaults:2 |   28718 |   15742 |  35.4 |      43 |      25 |  36.8
   Vaults:3 |   21240 |   50816 |  70.5 |      32 |      70 |  68.6
   Vaults:4 |   30141 |   49663 |  62.2 |      38 |      46 |  54.8
   Vaults:5 |   19213 |   97510 |  83.5 |      29 |      79 |  73.1
   Depths:1 |   32626 |   15413 |  32.1 |      40 |      18 |  31.0
   Depths:2 |   41250 |   22122 |  34.9 |      48 |      28 |  36.8
   Depths:3 |   30050 |   23019 |  43.4 |      35 |      27 |  43.5
   Depths:4 |    9151 |   22749 |  71.3 |      10 |      21 |  67.7
      Zot:1 |    5733 |       0 |   0.0 |       6 |       0 |   0.0
      Zot:2 |   37266 |   40676 |  52.2 |      35 |      33 |  48.5
      Zot:3 |   30906 |    8902 |  22.4 |      24 |       8 |  25.0
      Zot:4 |   50821 |   14884 |  22.7 |      38 |      12 |  24.0
      Zot:5 |   43358 |  113525 |  72.4 |      35 |      44 |  55.7
            +---------+---------+-------+---------+---------+-------
